Workbook

Sheet data
B1: TPR1 | C1: srtsubt | D1: במסחר ושירותים | E1: imp | F1: EPB
B2: תעשיה | C2: מסחר | D2: פדיון | E2: 2011=100 | F2: שכירים
A3: 27425 | B3: 19.905749 | C3: 24.979253 | E3: 11.966293 | F3: 704.1274
A4: 27453 | B4: 19.041474 | C4: 25.995851 | E4: 11.614322 | F4: 701.33109
A5: 27484 | B5: 19.223156 | C5: 24.688797 | E5: 10.892561 | F5: 706.15608
A6: 27514 | B6: 19.547527 | C6: 26.818811 | E6: 11.722109 | F6: 709.16132
A7: 27545 | B7: 19.390269 | C7: 26.189488 | E7: 10.700895 | F7: 706.35848
A8: 27575 | B8: 19.925031 | C8: 27.109267 | E8: 11.212403 | F8: 711.65263
A9: 27606 | B9: 20.473505 | C9: 27.060858 | E9: 10.867716 | F9: 709.37865
A10: 27637 | B10: 21.536173 | C10: 29.239281 | E10: 10.900565 | F10: 712.34471
A11: 27667 | B11: 21.416195 | C11: 30.449516 | E11: 10.414982 | F11: 720.27008
A12: 27698 | B12: 21.321926 | C12: 29.868603 | E12: 10.947061 | F12: 712.04437
A13: 27728 | B13: 21.424764 | C13: 29.723375 | E13: 9.9297498 | F13: 715.94783
A14: 27759 | B14: 21.163382 | C14: 31.562932 | E14: 13.074903 | F14: 715.11118
... A194: 33238 | B194: 33.384068 | C194: 70.4 | E194: 26.342498 | F194: 939.93529
A195: 33269 | B195: 31.226594 | C195: 73.2 | D195: 29.109941 | E195: 24.816646 | F195: 929.40575
A196: 33297 | B196: 32.021453 | C196: 67.5 | D196: 28.719203 | E196: 24.692002 | F196: 926.56187
A197: 33328 | B197: 33.781497 | C197: 72.5 | D197: 32.235837 | E197: 28.296026 | F197: 970.54453
A198: 33358 | B198: 34.349253 | C198: 71.4 | D198: 33.359208 | E198: 28.91318 | F198: 1003.6936
A199: 33389 | B199: 34.917009 | C199: 72.4 | D199: 33.994157 | E199: 28.96975 | F199: 1020.893
A200: 33419 | B200: 35.087336 | C200: 72.5 | D200: 35.459424 | E200: 32.785255 | F200: 1021.6075
A201: 33450 | B201: 35.200888 | C201: 72.1 | D201: 35.019844 | E201: 33.245772 | F201: 1033.261
A202: 33481 | B202: 35.882195 | C202: 73.8 | D202: 34.873317 | E202: 32.709527 | F202: 1036.6804
A203: 33511 | B203: 34.462804 | C203: 72.4 | D203: 33.896472 | E203: 27.393674 | F203: 1040.8655
A204: 33542 | B204: 35.82542 | C204: 74.6 | D204: 35.752477 | E204: 34.409538 | F204: 1055.1231
A205: 33572 | B205: 35.82542 | C205: 72.6 | D205: 34.091841 | E205: 30.219915 | F205: 1063.4346
A206: 33603 | B206: 35.42799 | C206: 74.5 | D206: 34.971002 | E206: 32.108151 | F206: 1066.0453
... A317: 36981 | B317: 55.709584 | C317: 149.55821 | D317: 69.176312 | E317: 72.6165 | F317: 1565.442
A318: 37011 | B318: 54.616472 | D318: 69.031894 | E318: 71.993504 | F318: 1566.995
A319: 37042 | B319: 53.648741 | D319: 68.093176 | E319: 71.692766 | F319: 1553.434
A320: 37072 | B320: 51.873035 | D320: 66.215739 | E320: 63.119362 | F320: 1550.272
A321: 37103 | B321: 53.136245 | D321: 67.659921 | E321: 65.714228 | F321: 1543.841
A322: 37134 | B322: 52.447021 | D322: 69.39294 | E322: 67.41144 | F322: 1544.513
A323: 37164 | B323: 52.754759 | D323: 67.587712 | E323: 66.754535 | F323: 1526.553
A324: 37195 | B324: 52.286266 | D324: 67.515503 | E324: 66.162506 | F324: 1536.897
A325: 37225 | B325: 51.67762 | D325: 67.659921 | E325: 66.488604 | F325: 1527.6
A326: 37256 | B326: 51.602272 | D326: 67.371085 | E326: 68.850291 | F326: 1523.302
A327: 37287 | B327: 51.232644 | D327: 69.248521 | E327: 73.665869 | F327: 1531.323
A328: 37315 | B328: 51.651304 | D328: 68.237594 | E328: 67.109483 | F328: 1529.824
A329: 37346 | B329: 52.445422 | D329: 66.360158 | E329: 64.205788 | F329: 1530.577
... A408: 39752 | B408: 71.693389 | D408: 94.4 | E408: 89.395804 | F408: 1883.923
A409: 39782 | B409: 70.848568 | C409: =C408*(1+$C$446) -> 0 | D409: 94 | E409: 93.90226 | F409: 1907.298
A410: 39813 | B410: 71.83607 | C410: =C409*(1+$C$446) -> 0 | D410: 89.8 | E410: 78.594217 | F410: 1897.141
A411: 39844 | B411: 68.260788 | C411: =C410*(1+$C$446) -> 0 | D411: 88.5 | E411: 79.076444 | F411: 1927.229
A412: 39872 | B412: 68.920874 | C412: =C411*(1+$C$446) -> 0 | D412: 89.3 | E412: 75.129808 | F412: 1929.097
A413: 39903 | B413: 66.460005 | D413: 90.3 | E413: 74.37413 | F413: 1919.491
A414: 39933 | B414: 65.109042 | D414: 89.8 | E414: 76.031118 | F414: 1906.647
A415: 39964 | B415: 65.538586 | D415: 89.2 | E415: 74.095748 | F415: 1918.906
A416: 39994 | B416: 67.199692 | D416: 94.4 | E416: 76.561929 | F416: 1918.831
A417: 40025 | B417: 65.712807 | D417: 86.8 | E417: 80.211938 | F417: 1902.438
A418: 40056 | B418: 67.862032 | D418: 91.3 | E418: 81.352127 | F418: 1909.413
A419: 40086 | B419: 68.325369 | D419: 90.8 | E419: 81.582788 | F419: 1924.51
A420: 40117 | B420: 70.651068 | D420: 92 | E420: 81.831698 | F420: 1938.388
A421: 40147 | B421: 71.123417 | D421: 93.3 | E421: 87.702813 | F421: 1943.577
A422: 40178 | B422: 69.207738 | D422: 93.9 | E422: 87.481342 | F422: 1951.196
A423: 40209 | B423: 71.85935 | D423: 96.3 | E423: 87.230752 | F423: 1991.863
A424: 40237 | B424: 72.650102 | D424: 95.7 | E424: 89.039405 | F424: 2003.211
... A595: 45443 | B595: 98.9 | D595: 164.73897 | E595: 163.26425 | F595: 2664.3499
A596: 45473 | B596: 98 | D596: 162.98689 | E596: 154.67451
A597: 45504 | E597: 159.7665

Sheet Misrot update
A1: TABLE 6. EMPLOYEE JOBS AND AVERAGE WAGES PER EMPLOYEE JOB, BY SECTOR AND SUB-SECTOR | Y1: לוח 6. משרות שכיר ושכר ממוצע למשרת שכיר, לפי מגזר ותת-מגזר
E4: מלכ"רים פרטיים | F4: משקי בית | G4: מגזר ממשלתי | K4: חברות פיננסיות | P4: חברות לא פיננסיות | U4: סך כולל
G5: GENERAL GOVERNMENT | K5: FINANCIAL CORPORATIONS | P5: NON-FINANCIAL CORPORATIONS
G6: Thereof: | I6: מזה: | J6: סך הכל | K6: Thereof: | N6: מזה: | O6: סך הכל | P6: Thereof: | S6: מזה: | T6: סך הכל
R7: חברות ממשלתיות
G8: מלכ"רים ציבוריים | H8: רשויות מקומיות | I8: ממשלה מרכזית, ביטוח לאומי ומוסדות לאומיים | K8: מוסדות ביטוח וקרנות פנסיה | L8: מוסדות עזר פיננסי, מוסדות פיננסיים שובים ומלווי כסף | M8: מתווכים פיננסיים אחרים | N8: מוסדות פיננסים מוניטריים | P8: קואפרטיבים | Q8: חברות פרטיות | R8: Government corporations
I9: ממשלה מרכזית, ביטוח לאומי ומוסדות לאומיים | R9: מזה: בתי חולים (1) | S9: סך הכל
R10: Thereof: Hospitals (1) | S10: Total
E12: PRIVATE NON-PROFIT INSTITUTIONS | F12: HOUSE-HOLDS | G12: Public non-profit institutions | H12: Local authorities | I12: Central government, National Insurance Institute and national institutions | J12: Total | K12: Insurance corporations and pension funds | L12: Financial auxilaries, captive financial institutions and money lenders | M12: Other Financial intermediaries | N12: Monetary Financial institutions | O12: Total | P12: Cooperatives | Q12: Private corporation | T12: Total | U12: Grand toal
E15: Employee jobs (thousands) | U15: משרות שכיר (אלפים) | AB15: סכום מגזר פיננסי ומגזר לא-פיננסי
A18: 2021 | C18: I-XII | E18: 265.0015 | F18: 221.75733 | G18: 292.47892 | H18: 180.49692 | I18: 264.17142 | J18: 737.14725 | K18: 20.127417 | L18: 39.901083 | M18: 6.381417 | N18: 33.301667 | O18: 99.711583 | P18: 57.7245 | Q18: 2085.3021 | R18: 89.40575 | S18: 156.79258 | T18: 2299.8192 | U18: 3623.4278 | W18: I-XII | Y18: 2021
A19: 2022 | C19: I-XII | E19: 292.798 | F19: 280.31525 | G19: 309.20717 | H19: 186.89708 | I19: 267.1035 | J19: 763.20775 | K19: 20.649083 | L19: 42.5785 | M19: 6.67675 | N19: 34.321 | O19: 104.22533 | P19: 61.276667 | Q19: 2276.3631 | R19: 91.462 | S19: 165.36483 | T19: 2503.0046 | U19: 3943.5478 | W19: I-XII | Y19: 2022
A20: 2023 | C20: I-XII | E20: 301.711 | F20: 229.22358 | G20: 318.41025 | H20: 195.73683 | I20: 274.03525 | J20: 788.18233 | K20: 21.00625 | L20: 44.58075 | M20: 7.3705 | N20: 34.136083 | O20: 107.09358 | P20: 54.68 | Q20: 2337.6867 | R20: 94.036083 | S20: 171.83733 | T20: 2564.204 | U20: 3990.4098 | W20: I-XII | Y20: 2023
A21: 2023 | C21: II | E21: 303.026 | F21: 228.448 | G21: 325.931 | H21: 192.104 | I21: 273.862 | J21: 791.897 | K21: 20.953 | L21: 45.105 | M21: 7.286 | N21: 33.712 | O21: 107.056 | P21: 52.548 | Q21: 2342.779 | R21: 93.646 | S21: 170.395 | T21: 2565.722 | U21: 3996.153 | W21: II | Y21: 2023 | AB21: =T21+O21 -> 2672.778
C22: III | E22: 306.756 | F22: 231.943 | G22: 329.512 | H22: 193.749 | I22: 274.225 | J22: 797.486 | K22: 21.14 | L22: 45.234 | M22: 7.364 | N22: 33.769 | O22: 107.507 | P22: 54.129 | Q22: 2373.333 | R22: 93.168 | S22: 170.505 | T22: 2597.967 | U22: 4041.66 | W22: III | AB22: =T22+O22 -> 2705.474 | AD22: 2112.909
C23: IV | E23: 309.226 | F23: 231.015 | G23: 329.359 | H23: 193.873 | I23: 266.226 | J23: 789.458 | K23: 21.02 | L23: 44.625 | M23: 7.302 | N23: 33.738 | O23: 106.685 | P23: 54.864 | Q23: 2336.595 | R23: 92.988 | S23: 170.849 | T23: 2562.308 | U23: 3998.678 | W23: IV | AB23: =T23+O23 -> 2668.993 | AD23: 2132.303
C24: V | E24: 306.127 | F24: 233.486 | G24: 326.958 | H24: 194.224 | I24: 270.957 | J24: 792.139 | K24: 21.193 | L24: 45.126 | M24: 7.359 | N24: 34.1 | O24: 107.778 | P24: 54.486 | Q24: 2387.694 | R24: 93.192 | S24: 171.387 | T24: 2613.567 | U24: 4053.092 | W24: V | AB24: =T24+O24 -> 2721.345 | AD24: 2116.293
C25: VI | E25: 307.228 | F25: 238.483 | G25: 334.155 | H25: 195.981 | I25: 286.194 | J25: 816.33 | K25: 21.163 | L25: 44.878 | M25: 7.463 | N25: 34.931 | O25: 108.435 | P25: 55.993 | Q25: 2402.153 | R25: 94.63 | S25: 173.53 | T25: 2631.676 | U25: 4102.148 | W25: VI | AB25: =T25+O25 -> 2740.111 | AD25: 2150.493
C26: VII | E26: 312.797 | F26: 240.601 | G26: 328.226 | H26: 196.874 | I26: 284.409 | J26: 809.509 | K26: 21.148 | L26: 45.086 | M26: 7.52 | N26: 34.9 | O26: 108.654 | P26: 58.363 | Q26: 2402.19 | R26: 94.779 | S26: 174.086 | T26: 2634.639 | U26: 4106.205 | W26: VII | AB26: =T26+O26 -> 2743.293 | AD26: 2159.525
C27: VIII | E27: 289.7 | F27: 239.026 | G27: 296.744 | H27: 190.597 | I27: 273.207 | J27: 760.548 | K27: 21.018 | L27: 45.077 | M27: 7.538 | N27: 33.949 | O27: 107.582 | P27: 58.491 | Q27: 2398.388 | R27: 94.01 | S27: 172.087 | T27: 2628.966 | U27: 4025.81 | W27: VIII | AB27: =T27+O27 -> 2736.548 | AD27: 2177.994
C28: IX | E28: 292.683 | F28: 235.966 | G28: 293.615 | H28: 196.015 | I28: 267.146 | J28: 756.776 | K28: 20.982 | L28: 44.707 | M28: 7.404 | N28: 34.08 | O28: 107.173 | P28: 55.171 | Q28: 2356.874 | R28: 94.295 | S28: 171.7 | T28: 2583.745 | U28: 3976.335 | W28: IX | AB28: =T28+O28 -> 2690.918 | AD28: 2159.302
C29: X | E29: 287.519 | F29: 224.074 | G29: 295.007 | H29: 197.889 | I29: 269.047 | J29: 761.943 | K29: 20.778 | L29: 44.2 | M29: 7.267 | N29: 34.228 | O29: 106.473 | P29: 54.609 | Q29: 2285.527 | R29: 94.742 | S29: 172.049 | T29: 2512.185 | U29: 3892.19 | W29: X | AB29: =T29+O29 -> 2618.658 | AD29: 2103.784
C30: XI | E30: 292.257 | F30: 208.041 | G30: 306.137 | H30: 201.952 | I30: 273.596 | J30: 781.685 | K30: 20.831 | L30: 42.927 | M30: 7.32 | N30: 34.165 | O30: 105.243 | P30: 52.052 | Q30: 2183.681 | R30: 94.635 | S30: 171.961 | T30: 2407.694 | U30: 3794.913 | W30: XI | AB30: =T30+O30 -> 2512.937 | AD30: 2124.695
C31: XII | E31: 311.109 | F31: 212.186 | G31: 327.102 | H31: 204.1 | I31: 275.182 | J31: 806.384 | K31: 20.819 | L31: 42.968 | M31: 7.335 | N31: 34.302 | O31: 105.424 | P31: 52.669 | Q31: 2227.014 | R31: 95.154 | S31: 173.539 | T31: 2453.222 | U31: 3888.319 | W31: XII | AB31: =T31+O31 -> 2558.646 | AD31: 2113.637
A32: 2024 | B32: R | C32: I | E32: 309.456 | F32: 220.441 | G32: 329.399 | H32: 200.561 | I32: 278.54 | J32: 808.5 | K32: 20.682 | L32: 43.553 | M32: 7.364 | N32: 34.277 | O32: 105.876 | P32: 50.994 | Q32: 2250.452 | R32: 95.147 | S32: 173.977 | T32: 2475.423 | U32: 3919.684 | W32: I | X32: R | Y32: 2024 | AB32: =T32+O32 -> 2581.299 | AD32: 2113.157
C33: II | E33: 313.015 | F33: 230.752 | G33: 332.514 | H33: 201.205 | I33: 278.392 | J33: 812.111 | K33: 20.664 | L33: 43.22 | M33: 7.386 | N33: 34.132 | O33: 105.402 | P33: 50.827 | Q33: 2265.988 | R33: 95.766 | S33: 174.942 | T33: 2491.757 | U33: 3953.039 | W33: II | AB33: =T33+O33 -> 2597.159
C34: III | E34: 315.845 | F34: 232.996 | G34: 334.097 | H34: 201.936 | I34: 282.538 | J34: 818.571 | K34: 20.64 | L34: 43.287 | M34: 7.33 | N34: 34.201 | O34: 105.458 | P34: 51.499 | Q34: 2298.926 | R34: 95.711 | S34: 175.325 | T34: 2525.75 | U34: 3998.61 | W34: III | AB34: =T34+O34 -> 2631.208
C35: IV | D35: * | E35: 318.239 | F35: 233.7 | G35: 333.462 | H35: 200.864 | I35: 282.192 | J35: 816.518 | K35: 20.513 | L35: 42.725 | M35: 7.248 | N35: 33.93 | O35: 104.416 | P35: 52.689 | Q35: 2292.058 | R35: 95.953 | S35: 176.116 | T35: 2520.863 | U35: 3993.74 | V35: * | W35: IV | AB35: =T35+O35 -> 2625.279
C36: V | D36: * | E36: 316.105 | F36: 237.549 | G36: 332.616 | H36: 201.431 | I36: 281.774 | J36: 815.821 | K36: 20.614 | L36: 43.175 | M36: 7.293 | N36: 34.388 | O36: 105.47 | P36: 52.136 | Q36: 2314.869 | R36: 96.25 | S36: 176.375 | T36: 2543.38 | U36: 4018.315 | V36: * | W36: V | AB36: =T36+O36 -> 2648.85
E37: Average wages per emloyee job at current prices (NIS) | U37: שכר ממוצע למשרת שכיר במחירים שוטפים (ש"ח)
A38: 2021 | C38: I-XII | E38: 6384.924 | F38: 5188.4574 | G38: 9421.4905 | H38: 9202.1331 | I38: 14595.796 | J38: 11222.095 | K38: 17198.276 | L38: 18891.56 | M38: 19039.402 | N38: 24710.28 | O38: 20502.557 | P38: 10305.389 | Q38: 12415.518 | R38: 17497.453 | S38: 19727.102 | T38: 12861.03 | U38: 11794.719 | W38: I-XII | Y38: 2021
A39: 2022 | C39: I-XII | E39: 6448.4804 | F39: 5849.7109 | G39: 9397.4355 | H39: 9403.4613 | I39: 14973.329 | J39: 11350.333 | K39: 18648.913 | L39: 19475.398 | M39: 20010.793 | N39: 27429.881 | O39: 21965.334 | P39: 10805.55 | Q39: 12906.73 | R39: 17635.51 | S39: 19708.311 | T39: 13304.647 | U39: 12116.365 | W39: I-XII | Y39: 2022
A40: 2023 | C40: I-XII | E40: 6769.0547 | F40: 5509.8145 | G40: 9836.6756 | H40: 10438.35 | I40: 16438.739 | J40: 12281.501 | K40: 18560.276 | L40: 20087.703 | M40: 22718.845 | N40: 28773.488 | O40: 22737.778 | P40: 10500.846 | Q40: 13583.562 | R40: 18719.711 | S40: 20834.53 | T40: 14003.741 | U40: 12863.054 | W40: I-XII | Y40: 2023
A41: 2023 | C41: II | E41: 6321.4636 | F41: 5385.4995 | G41: 9093.8127 | H41: 9120.2068 | I41: 15751.965 | J41: 11402.807 | K41: 17832.459 | L41: 23586.73 | M41: 20154.672 | N41: 23591.845 | O41: 22228.536 | P41: 10219.183 | Q41: 13326.648 | R41: 17254.638 | S41: 19410.357 | T41: 13667.037 | U41: 12417.252 | W41: II | Y41: 2023
C42: III | E42: 6599.6728 | F42: 5491.8585 | G42: 9501.9274 | H42: 11801.029 | I42: 16759.869 | J42: 12556.223 | K42: 22979.068 | L42: 24586.555 | M42: 31615.21 | N42: 29355.544 | O42: 26249.895 | P42: 11284.616 | Q42: 14584.871 | R42: 19290.514 | S42: 22063.814 | T42: 15006.954 | U42: 13638.287 | W42: III
C43: IV | E43: 6329.6412 | F43: 5239.1232 | G43: 9196.2834 | H43: 9661.7213 | I43: 15071.777 | J43: 11291.955 | K43: 19244.493 | L43: 19279.332 | M43: 30207.013 | N43: 50522.68 | O43: 29900.785 | P43: 10529.379 | Q43: 13291.863 | R43: 17639.632 | S43: 19937.5 | T43: 13675.829 | U43: 12582.604 | W43: IV
C44: V | E44: 6592.9873 | F44: 5503.5462 | G44: 9194.5502 | H44: 9763.975 | I44: 15256.346 | J44: 11407.649 | K44: 17362.466 | L44: 19243.802 | M44: 19854.18 | N44: 33811.606 | O44: 23524.664 | P44: 10495.813 | Q44: 13012.21 | R44: 17298.433 | S44: 19382.13 | T44: 13377.463 | U44: 12296.309 | W44: V
C45: VI | E45: 7309.319 | F45: 5457.1433 | G45: 11251.809 | H45: 12915.329 | I45: 20100.382 | J45: 14753.367 | K45: 19172.935 | L45: 18717.181 | M45: 21018.987 | N45: 25947.377 | O45: 21293.669 | P45: 10347.205 | Q45: 13289.073 | R45: 20594.774 | S45: 22612.539 | T45: 13841.26 | U45: 13243.152 | W45: VI
C46: VII | E46: 7084.5176 | F46: 5632.1031 | G46: 10329.949 | H46: 10729.694 | I46: 16671.325 | J46: 12655.116 | K46: 20003.803 | L46: 18916.568 | M46: 23043.613 | N46: 25347.102 | O46: 21479.326 | P46: 10475.833 | Q46: 13402.384 | R46: 18481.489 | S46: 21148.007 | T46: 13849.353 | U46: 12818.989 | W46: VII
C47: VIII | E47: 6966.3124 | F47: 5651.7498 | G47: 10345.767 | H47: 10959.146 | I47: 15892.026 | J47: 12491.832 | K47: 18531.298 | L47: 18957.199 | M47: 20097.237 | N47: 25087.874 | O47: 20888.492 | P47: 10001.01 | Q47: 13340.878 | R47: 22827.851 | S47: 23612.132 | T47: 13938.907 | U47: 12857.495 | W47: VIII
C48: IX | E48: 6898.7122 | F48: 5554.724 | G48: 10412.186 | H48: 10883.161 | I48: 16593.637 | J48: 12716.26 | K48: 18106.206 | L48: 19521.041 | M48: 20838.001 | N48: 37614.038 | O48: 25088.433 | P48: 10175.471 | Q48: 13376.585 | R48: 20024.211 | S48: 21004.385 | T48: 13815.128 | U48: 12910.581 | W48: IX
C49: X | E49: 6701.5874 | F49: 5228.4682 | G49: 9953.105 | H49: 10021.163 | I49: 15755.616 | J49: 12019.685 | K49: 17090.875 | L49: 18213.559 | M49: 20257.055 | N49: 23118.831 | O49: 19710.846 | P49: 10150.09 | Q49: 13194.002 | R49: 18091.202 | S49: 20112.33 | T49: 13601.642 | U49: 12467.332 | W49: X
C50: XI | E50: 6960.6295 | F50: 5623.0914 | G50: 10031.797 | H50: 10085.395 | I50: 15673.016 | J50: 12020.116 | K50: 17145.016 | L50: 18678.584 | M50: 21393.227 | N50: 22205.58 | O50: 19708.821 | P50: 10725.879 | Q50: 13927.845 | R50: 18275.468 | S50: 20520.484 | T50: 14329.478 | U50: 12958.211 | W50: XI
C51: XII | E51: 6901.8568 | F51: 5838.0393 | G51: 9621.8126 | H51: 10030.187 | I51: 16479.374 | J51: 12065.347 | K51: 17615.049 | L51: 21509.782 | M51: 22794.618 | N51: 24854.184 | O51: 21918.223 | P51: 11259.456 | Q51: 15166.171 | R51: 17976.794 | S51: 20597.506 | T51: 15466.505 | U51: 13725.407 | W51: XII
A52: 2024 | B52: R | C52: I | E52: 6977.8582 | F52: 5787.3703 | G52: 9726.4153 | H52: 10359.155 | I52: 16355.219 | J52: 12167.095 | K52: 18118.33 | L52: 20319.604 | M52: 21422.516 | N52: 24944.217 | O52: 21463.517 | P52: 11304.912 | Q52: 14087.694 | R52: 18240.564 | S52: 20992.597 | T52: 14515.657 | U52: 13132.965 | W52: I | X52: R | Y52: 2024
C53: II | E53: 6719.4381 | F53: 5730.4799 | G53: 9619.0788 | H53: 10129.451 | I53: 16890.434 | J53: 12238.15 | K53: 20132.573 | L53: 26256.443 | M53: 21563.867 | N53: 25214.23 | O53: 24389.535 | P53: 11080.128 | Q53: 14672.602 | R53: 18914.442 | S53: 20925.757 | T53: 15038.346 | U53: 13510.352 | W53: II
C54: III | E54: 6790.6179 | F54: 5837.8399 | G54: 9494.7423 | H54: 10199.205 | I54: 15954.994 | J54: 11898.349 | K54: 24071.054 | L54: 26573.421 | M54: 31724.489 | N54: 28041.803 | O54: 26917.905 | P54: 12204.154 | Q54: 15587.853 | R54: 17930.829 | S54: 20613.608 | T54: 15867.724 | U54: 14045.189 | W54: III
C55: IV | D55: * | E55: 6744.4608 | F55: 5824.071 | G55: 9711.8684 | H55: 10273.479 | I55: 15807.656 | J55: 11956.754 | K55: 19840.8 | L55: 20854.513 | M55: 24575.346 | N55: 49570.162 | O55: 30244.801 | P55: 11348.995 | Q55: 14426.343 | R55: 18426.704 | S55: 21006.732 | T55: 14821.751 | U55: 13469.076 | V55: * | W55: IV
C56: V | D56: * | E56: 6857.8788 | F56: 5940.3666 | G56: 9759.8311 | H56: 10413.355 | I56: 16316.411 | J56: 12185.748 | K56: 21437.588 | L56: 19140.297 | M56: 21158.797 | N56: 33482.44 | O56: 24405.064 | P56: 11484.094 | Q56: 13830.787 | R56: 18116.898 | S56: 21002.064 | T56: 14279.987 | U56: 13043.717 | V56: * | W56: V
A60: (1) Government and non-profit institutions hospitals. | Y60: (1) בתי חולים ממשלתיים ובתי חולים של מוסדות מלכ"ר

Sheet MISROT
B1: משרות סקטור עסקי - לא מנוכה | C1: משרות סקטור עסקי - מנוכה | D1: מקדם עונתיות
B2: MISROT_BI | C2: MISROT_BI_SA | D2: ratio | H2: 2015 | I2: 2014 | J2: 2013 | K2: 2012 | M2: New seas factors dec15
A3: 34335 | B3: 1182.043 | C3: 1199.302 | D3: 1.0146009 | G3: Jan | H3: 0.99794328 | I3: 0.99831318 | J3: 0.99765546 | K3: 0.99813087 | M3: =AVERAGE(H3:K3) -> 0.9980107
A4: 34366 | B4: 1190.959 | C4: 1210.73 | D4: 1.0166013 | G4: Feb | H4: 1.002281 | I4: 1.0015883 | J4: 1.0018765 | K4: 1.001266 | M4: =AVERAGE(H4:K4) -> 1.001753
A5: 34394 | B5: 1217.211 | C5: 1224.288 | D5: 1.0058141 | G5: Mar | H5: 0.99104865 | I5: 0.99269905 | J5: 0.99066038 | K5: 0.9924262 | M5: =AVERAGE(H5:K5) -> 0.99170857
A6: 34425 | B6: 1225.771 | C6: 1239.786 | D6: 1.0114332 | G6: Apr | H6: 0.99952512 | I6: 0.9976415 | J6: 1.0011738 | K6: 1.0006024 | M6: =AVERAGE(H6:K6) -> 0.99973571
A7: 34455 | B7: 1253.836 | C7: 1252.406 | D7: 0.99885975 | G7: May | H7: 0.98456295 | I7: 0.98455934 | J7: 0.9840567 | K7: 0.98459376 | M7: =AVERAGE(H7:K7) -> 0.98444319
A8: 34486 | B8: 1280.601 | C8: 1264.413 | D8: 0.98735914 | G8: Jun | H8: 0.97637986 | I8: 0.97668196 | J8: 0.97674028 | K8: 0.97690769 | M8: =AVERAGE(H8:K8) -> 0.97667745
A9: 34516 | B9: 1305.116 | C9: 1273.024 | D9: 0.97541031 | G9: Jul | H9: 0.97268762 | I9: 0.97208308 | J9: 0.9719797 | K9: 0.97230366 | M9: =AVERAGE(H9:K9) -> 0.97226352
A10: 34547 | B10: 1306.266 | C10: 1281.577 | D10: 0.98109948 | G10: Aug | H10: 0.98292509 | I10: 0.98268366 | J10: 0.98224147 | K10: 0.9819005 | M10: =AVERAGE(H10:K10) -> 0.98243768
A11: 34578 | B11: 1256.507 | C11: 1255.276 | D11: 0.99902084 | G11: Sep | H11: 1.0059598 | I11: 0.99838824 | J11: 1.0092002 | K11: 1.0017918 | M11: =AVERAGE(H11:K11) -> 1.003835
A12: 34608 | B12: 1290.739 | C12: 1292.2 | D12: 1.0011316 | G12: Oct | I12: 1.0030541 | J12: 0.99180816 | K12: 0.99794022 | M12: =AVERAGE(H12:K12) -> 0.99760082
A13: 34639 | B13: 1292.788 | C13: 1299.125 | D13: 1.0049014 | G13: Nov | I13: 1.0034502 | J13: 1.002758 | K13: 1.0019046 | M13: =AVERAGE(H13:K13) -> 1.0027043
A14: 34669 | B14: 1294.816 | C14: 1300.882 | D14: 1.0046851 | G14: Dec | I14: 1.0018721 | J14: 1.0021575 | K14: 1.0026956 | M14: =AVERAGE(H14:K14) -> 1.0022418
A15: 34700 | B15: 1281.729 | C15: 1300.443 | D15: 1.0146009
A16: 34731 | B16: 1281.061 | C16: 1302.328 | D16: 1.0166013
A17: 34759 | B17: 1305.454 | C17: 1313.044 | D17: 1.0058141
A18: 34790 | B18: 1307.824 | C18: 1322.777 | D18: 1.0114332
A19: 34820 | B19: 1319.181 | C19: 1317.677 | D19: 0.99885975
A20: 34851 | B20: 1342.487 | C20: 1325.517 | D20: 0.98735914
A21: 34881 | B21: 1382.483 | C21: 1348.489 | D21: 0.97541031
A22: 34912 | B22: 1382.582 | C22: 1356.451 | D22: 0.98109948
A23: 34943 | B23: 1354.733 | C23: 1353.406 | D23: 0.99902084
A24: 34973 | B24: 1353.252 | C24: 1354.783 | D24: 1.0011316
A25: 35004 | B25: 1348.808 | C25: 1355.419 | D25: 1.0049014
A26: 35034 | B26: 1352.264 | C26: 1358.6 | D26: 1.0046851
... A96: 37165 | B96: 1535.16 | C96: 1536.897 | D96: 1.0011316
A97: 37196 | B97: 1520.149 | C97: 1527.6 | D97: 1.0049014 | Q97: Old Data
A98: 37226 | B98: 1516.199 | C98: 1523.302 | D98: 1.0046851 | Q98: סה"כ | R98: J מנהל ציבורי | S98: K חינוך | T98: L שירותי בריאות, רווחה וסעד | U98: M שירותים קהילתיים, חברתיים ואישיים
A99: 37257 | B99: 1509.286 | C99: 1531.323 | D99: 1.0146009 | Q99: 2308.6 | R99: 102.9 | S99: 331.8 | T99: 257.4 | U99: 123.3
A100: 37288 | B100: 1504.842 | C100: 1529.824 | D100: 1.0166013 | Q100: 2307.6 | R100: 102.8 | S100: 334.6 | T100: 258 | U100: 123.6
A101: 37316 | B101: 1521.729 | C101: 1530.577 | D101: 1.0058141 | Q101: 2320.5 | R101: 103.1 | S101: 329.8 | T101: 258.8 | U101: 125.3
A102: 37347 | B102: 1508.101 | C102: 1525.343 | D102: 1.0114332 | Q102: 2312 | R102: 103.8 | S102: 330.7 | T102: 260.4 | U102: 126.4
A103: 37377 | B103: 1536.543 | C103: 1534.79 | D103: 0.99885975 | Q103: 2348.5 | R103: 104.1 | S103: 335.6 | T103: 261.7 | U103: 127.1
A104: 37408 | B104: 1556.59 | C104: 1536.913 | D104: 0.98735914 | Q104: 2380.9 | R104: 106 | S104: 344.5 | T104: 263.8 | U104: 126.5
A105: 37438 | B105: 1581.97 | C105: 1543.07 | D105: 0.97541031 | Q105: 2392.3 | R105: 106.7 | S105: 327.7 | T105: 264 | U105: 131.1
A106: 37469 | B106: 1569.033 | C106: 1539.378 | D106: 0.98109948 | Q106: 2345.1 | R106: 105.3 | S106: 306.8 | T106: 261.6 | U106: 117.8
A107: 37500 | B107: 1530.913 | C107: 1529.414 | D107: 0.99902084 | Q107: 2276.1 | R107: 104.8 | S107: 279.2 | T107: 259.6 | U107: 117.5
A108: 37530 | B108: 1540.098 | C108: 1541.84 | D108: 1.0011316 | Q108: 2318.2 | R108: 105.6 | S108: 301.2 | T108: 264.9 | U108: 122.8
A109: 37561 | B109: 1521.828 | C109: 1529.287 | D109: 1.0049014 | Q109: 2318.6 | R109: 105.5 | S109: 316.7 | T109: 265.4 | U109: 125.8
A110: 37591 | B110: 1519.655 | C110: 1526.775 | D110: 1.0046851 | Q110: 2337.2 | R110: 106.1 | S110: 331.1 | T110: 268.1 | U110: 128.8
... A133: 38292 | B133: 1610.214 | C133: 1618.107 | D133: 1.0049014 | Q133: 2411.2 | R133: 106.6 | S133: 318.3 | T133: 265.5 | U133: 131.7
A134: 38322 | B134: 1623.053 | C134: 1630.657 | D134: 1.0046851 | P134: צריך לשרשר אחורה - מדגם חדש | Q134: 2438.1 | R134: 107.2 | S134: 328.7 | T134: 265.9 | U134: 134.2
A135: 38353 | B135: 1604.388 | C135: 1627.813 | D135: 1.0146009
A136: 38384 | B136: 1607.449 | C136: 1634.135 | D136: 1.0166013
A137: 38412 | B137: 1634.212 | C137: 1643.714 | D137: 1.0058141
A138: 38443 | B138: 1636.582 | C138: 1655.294 | D138: 1.0114332
A139: 38473 | B139: 1660.679 | C139: 1658.785 | D139: 0.99885975
A140: 38504 | B140: 1689.515 | C140: 1668.158 | D140: 0.98735914
A141: 38534 | B141: 1712.525 | C141: 1670.415 | D141: 0.97541031
A142: 38565 | B142: 1700.477 | C142: 1668.337 | D142: 0.98109948
A143: 38596 | B143: 1693.466 | C143: 1691.807 | D143: 0.99902084
A144: 38626 | B144: 1653.667 | C144: 1655.538 | D144: 1.0011316
A145: 38657 | B145: 1682.207 | C145: 1690.453 | D145: 1.0049014
A146: 38687 | B146: 1690.108 | C146: 1698.026 | D146: 1.0046851
... A158: 39052 | B158: 1782.247 | C158: 1790.597 | D158: 1.0046851
A159: 39083 | B159: 1779.689 | C159: 1805.674 | D159: 1.0146009 | N159: 1.0191195 | O159: 1994-2004 Seas
A160: 39114 | B160: 1778.189 | C160: 1807.709 | D160: 1.0166013 | N160: 1.0194538
A161: 39142 | B161: 1799.89 | C161: 1810.355 | D161: 1.0058141 | N161: 1.0072119
A162: 39173 | B162: 1790.89 | C162: 1811.365 | D162: 1.0114332 | N162: 1.0119855
A163: 39203 | B163: 1834.992 | C163: 1832.899 | D163: 0.99885975 | N163: 1.0005249
A164: 39234 | B164: 1860.193 | C164: 1836.679 | D164: 0.98735914 | N164: 0.98798063
A165: 39264 | B165: 1880.394 | C165: 1834.156 | D165: 0.97541031 | N165: 0.97435646
A166: 39295 | B166: 1877.894 | C166: 1842.401 | D166: 0.98109948 | N166: 0.97996168
A167: 39326 | B167: 1840.092 | C167: 1838.29 | D167: 0.99902084 | N167: 0.9987107
A168: 39356 | B168: 1870.294 | C168: 1872.41 | D168: 1.0011316 | N168: 0.99906534
A169: 39387 | B169: 1858.693 | C169: 1867.803 | D169: 1.0049014 | N169: 1.0029184
A170: 39417 | B170: 1863.793 | C170: 1872.525 | D170: 1.0046851 | N170: 0.99979221
A171: 39448 | B171: 1861.093 | C171: 1888.267 | D171: 1.0146009
A172: 39479 | B172: 1863.993 | C172: 1894.938 | D172: 1.0166013
A173: 39508 | B173: 1884.094 | C173: 1895.049 | D173: 1.0058141
A174: 39539 | B174: 1888.394 | C174: 1909.985 | D174: 1.0114332
A175: 39569 | B175: 1897.495 | C175: 1895.331 | D175: 0.99885975
A176: 39600 | B176: 1925.996 | C176: 1901.65 | D176: 0.98735914
A177: 39630 | B177: 1956.698 | C177: 1908.583 | D177: 0.97541031
A178: 39661 | B178: 1927.796 | C178: 1891.36 | D178: 0.98109948
A179: 39692 | B179: 1915.396 | C179: 1913.52 | D179: 0.99902084
A180: 39722 | B180: 1881.794 | C180: 1883.923 | D180: 1.0011316
A181: 39753 | B181: 1897.995 | C181: 1907.298 | D181: 1.0049014
A182: 39783 | B182: 1888.294 | C182: 1897.141 | D182: 1.0046851
... A218: 40878 | B218: 2119.306 | C218: 2129.235 | D218: 1.0046851
A219: 40909 | B219: 2139.847 | C219: =B219*D219 + 16.2 -> 2151.7902 | D219: 0.9980107
A220: 40940 | B220: 2133.089 | C220: =B220*D220 + 16.2 -> 2153.0282 | D220: 1.001753
A221: 40969 | B221: 2152.143 | C221: =B221*D221 + 16.2 -> 2150.4987 | D221: 0.99170857
A222: 41000 | B222: 2138.699 | C222: =B222*D222 + 16.2 -> 2154.3338 | D222: 0.99973571
A223: 41030 | B223: 2175.64 | C223: =B223*D223 + 16.2 -> 2157.994 | D223: 0.98444319
A224: 41061 | B224: 2182.008 | C224: =B224*D224 + 16.2 -> 2147.318 | D224: 0.97667745
A225: 41091 | B225: 2203.142 | C225: =B225*D225 + 16.2 -> 2158.2346 | D225: 0.97226352
A226: 41122 | B226: 2183.72 | C226: =B226*D226 + 16.2 -> 2161.5688 | D226: 0.98243768
A227: 41153 | B227: 2127.806 | C227: =B227*D227 + 16.2 -> 2152.1662 | D227: 1.003835
A228: 41183 | B228: 2150.663 | C228: =B228*D228 + 16.2 -> 2161.7032 | D228: 0.99760082
A229: 41214 | B229: 2140.131 | C229: =B229*D229 + 16.2 -> 2162.1185 | D229: 1.0027043
A230: 41244 | B230: 2140.47 | C230: =B230*D230 + 16.2 -> 2161.4684 | D230: 1.0022418
... A367: 45413 | B367: 2648.85 | C367: =B367*D367 + 16.2 -> 2664.3499 | D367: 0.99973571
D368: 0.98444319
D369: 0.97667745
D370: 0.97226352
D371: 0.98243768
D372: 1.003835
D373: 0.99760082
...

Sheet MONTHLY
B1: imp | D1: imp | E1: im2006 | F1: PM2006 | G1: im1000 | H1: pm1000 | I1: imp | J1: im2006 | K1: PM2006 | L1: im1000 | M1: pm1000
B2: 2011=100 | E2: תשומה | F2: מ תשומה | G2: צריכה | H2: מ.צריכה | J2: תשומה | K2: מ תשומה | L2: צריכה | M2: מ.צריכה
A3: 27425 | B3: =(I3/(SUM($I$435:$I$446)/12))*100 -> 11.882409 | D3: =+(E3/F3+G3/H3) -> 3.22022 | E3: 198.2 | F3: 69.4 | G3: 29.4 | H3: 80.7 | I3: =+(J3/K3+L3/M3) -> 3.5474534 | J3: 198.2 | K3: =F3*(K$289/F$289) -> 63.190364 | L3: 32.368238 | M3: =H3*(M$289/H$289) -> 78.77416
A4: 27453 | B4: =(I4/(SUM($I$435:$I$446)/12))*100 -> 11.536496 | D4: =+(E4/F4+G4/H4) -> 3.125768 | E4: 189.1 | F4: 68.868 | G4: 30.1 | H4: 79.224 | I4: =+(J4/K4+L4/M4) -> 3.4441822 | J4: 189.1 | K4: =F4*(K$289/F$289) -> 62.705965 | L4: 33.13891 | M4: =H4*(M$289/H$289) -> 77.333384
A5: 27484 | B5: =(I5/(SUM($I$435:$I$446)/12))*100 -> 10.81883 | D5: =+(E5/F5+G5/H5) -> 2.9314653 | E5: 176.3 | F5: 68.318 | G5: 27.3 | H5: 77.803 | I5: =+(J5/K5+L5/M5) -> 3.2299255 | J5: 176.3 | K5: =F5*(K$289/F$289) -> 62.205177 | L5: 30.056221 | M5: =H5*(M$289/H$289) -> 75.946295
A6: 27514 | B6: =(I6/(SUM($I$435:$I$446)/12))*100 -> 11.638922 | D6: =+(E6/F6+G6/H6) -> 3.1544331 | E6: 190.1 | F6: 67.772 | G6: 26.7 | H6: 76.408 | I6: =+(J6/K6+L6/M6) -> 3.4747612 | J6: 190.1 | K6: =F6*(K$289/F$289) -> 61.708031 | L6: 29.395644 | M6: =H6*(M$289/H$289) -> 74.584586
A7: 27545 | B7: =(I7/(SUM($I$435:$I$446)/12))*100 -> 10.629976 | C7: Bank Israel | D7: =+(E7/F7+G7/H7) -> 2.8799952 | E7: 169.7 | F7: 67.23 | G7: 26.7 | H7: 75.037 | I7: =+(J7/K7+L7/M7) -> 3.1735438 | J7: 169.7 | K7: =F7*(K$289/F$289) -> 61.214527 | L7: 29.395644 | M7: =H7*(M$289/H$289) -> 73.246303
A8: 27575 | B8: =(I8/(SUM($I$435:$I$446)/12))*100 -> 11.133703 | C8: 17.01718 | D8: =+(E8/F8+G8/H8) -> 3.017335 | E8: 178.4 | F8: 66.649 | G8: 23.9 | H8: 70.165 | I8: =+(J8/K8+L8/M8) -> 3.3239298 | J8: 178.4 | K8: =F8*(K$289/F$289) -> 60.685512 | L8: 26.312955 | M8: =H8*(M$289/H$289) -> 68.49057
A9: 27606 | B9: =(I9/(SUM($I$435:$I$446)/12))*100 -> 10.802944 | C9: 16.45019 | D9: =+(E9/F9+G9/H9) -> 2.9254302 | E9: 165.9 | F9: 66.073 | G9: 27.2 | H9: 65.61 | I9: =+(J9/K9+L9/M9) -> 3.2251829 | J9: 165.9 | K9: =F9*(K$289/F$289) -> 60.161051 | L9: 29.946125 | M9: =H9*(M$289/H$289) -> 64.044271
A10: 27637 | B10: =(I10/(SUM($I$435:$I$446)/12))*100 -> 10.830685 | C10: 16.41902 | D10: =+(E10/F10+G10/H10) -> 2.9339086 | E10: 167.3 | F10: 65.502 | G10: 23.3 | H10: 61.35 | I10: =+(J10/K10+L10/M10) -> 3.2334646 | J10: 167.3 | K10: =F10*(K$289/F$289) -> 59.641141 | L10: 25.652379 | M10: =H10*(M$289/H$289) -> 59.885932
A11: 27667 | B11: =(I11/(SUM($I$435:$I$446)/12))*100 -> 10.349798 | C11: 15.09419 | D11: =+(E11/F11+G11/H11) -> 2.8033303 | E11: 156 | F11: 64.228 | G11: 23 | H11: 61.418 | I11: =+(J11/K11+L11/M11) -> 3.0898975 | J11: 156 | K11: =F11*(K$289/F$289) -> 58.481134 | L11: 25.322091 | M11: =H11*(M$289/H$289) -> 59.95231
A12: 27698 | B12: =(I12/(SUM($I$435:$I$446)/12))*100 -> 10.875881 | C12: 17.25795 | D12: =+(E12/F12+G12/H12) -> 2.9463488 | E12: 162 | F12: 62.979 | G12: 23 | H12: 61.487 | I12: =+(J12/K12+L12/M12) -> 3.2469578 | J12: 162 | K12: =F12*(K$289/F$289) -> 57.343889 | L12: 25.322091 | M12: =H12*(M$289/H$289) -> 60.019663
A13: 27728 | B13: =(I13/(SUM($I$435:$I$446)/12))*100 -> 9.8731892 | C13: 15.27689 | D13: =+(E13/F13+G13/H13) -> 2.6731375 | E13: 140.5 | F13: 61.755 | G13: 24.5 | H13: 61.555 | I13: =+(J13/K13+L13/M13) -> 2.9476076 | J13: 140.5 | K13: =F13*(K$289/F$289) -> 56.229408 | L13: 26.973531 | M13: =H13*(M$289/H$289) -> 60.08604
A14: 27759 | B14: =(I14/(SUM($I$435:$I$446)/12))*100 -> 12.992721 | C14: 19.80883 | D14: =+(E14/F14+G14/H14) -> 3.5192573 | E14: 188 | F14: 61.605 | G14: 27.8 | H14: 59.458 | I14: =+(J14/K14+L14/M14) -> 3.8789334 | J14: 188 | K14: =F14*(K$289/F$289) -> 56.092829 | L14: 30.606701 | M14: =H14*(M$289/H$289) -> 58.039083
A15: 27790 | B15: =(I15/(SUM($I$435:$I$446)/12))*100 -> 9.9611783 | C15: 15.02837 | D15: =+(E15/F15+G15/H15) -> 2.6949246 | E15: 136.3 | F15: 61.456 | G15: 27.4 | H15: 57.433 | I15: =+(J15/K15+L15/M15) -> 2.9738765 | J15: 136.3 | K15: =F15*(K$289/F$289) -> 55.957161 | L15: 30.166317 | M15: =H15*(M$289/H$289) -> 56.062408
A16: 27819 | B16: =(I16/(SUM($I$435:$I$446)/12))*100 -> 11.686151 | C16: 17.70912 | D16: =+(E16/F16+G16/H16) -> 3.1642517 | E16: 165.7 | F16: 61.307 | G16: 25.6 | H16: 55.476 | I16: =+(J16/K16+L16/M16) -> 3.4888614 | J16: 165.7 | K16: =F16*(K$289/F$289) -> 55.821493 | L16: 28.184588 | M16: =H16*(M$289/H$289) -> 54.152111
A17: 27850 | B17: =(I17/(SUM($I$435:$I$446)/12))*100 -> 11.23352 | C17: 17.03972 | D17: =+(E17/F17+G17/H17) -> 3.0413652 | E17: 159.3 | F17: 61.61 | G17: 26.4 | H17: 57.927 | I17: =+(J17/K17+L17/M17) -> 3.3537299 | J17: 159.3 | K17: =F17*(K$289/F$289) -> 56.097382 | L17: 29.065356 | M17: =H17*(M$289/H$289) -> 56.544619
A18: 27880 | B18: =(I18/(SUM($I$435:$I$446)/12))*100 -> 10.530161 | C18: 16.14798 | D18: =+(E18/F18+G18/H18) -> 2.8517581 | E18: 152 | F18: 61.915 | G18: 24 | H18: 60.487 | I18: =+(J18/K18+L18/M18) -> 3.1437444 | J18: 152 | K18: =F18*(K$289/F$289) -> 56.375092 | L18: 26.423051 | M18: =H18*(M$289/H$289) -> 59.043527
A19: 27911 | B19: =(I19/(SUM($I$435:$I$446)/12))*100 -> 10.390961 | C19: 15.71364 | D19: =+(E19/F19+G19/H19) -> 2.8153957 | E19: 153.9 | F19: 62.222 | G19: 21.6 | H19: 63.159 | I19: =+(J19/K19+L19/M19) -> 3.1021867 | J19: 153.9 | K19: =F19*(K$289/F$289) -> 56.654623 | L19: 23.780746 | M19: =H19*(M$289/H$289) -> 61.651762
... A218: 33969 | B218: =(I218/(SUM($I$435:$I$446)/12))*100 -> 35.676643 | C218: 52.77979 | D218: =+(E218/F218+G218/H218) -> 9.6747327 | E218: 737.6 | F218: 94.229 | G218: 190.1 | H218: 102.924 | I218: =+(J218/K218+L218/M218) -> 10.651142 | J218: 735.3 | K218: =F218*(K$289/F$289) -> 85.797764 | L218: 209.07239 | M218: =H218*(M$289/H$289) -> 100.4678
A219: 34000 | B219: =(I219/(SUM($I$435:$I$446)/12))*100 -> 39.198733 | C219: 54.90785 | D219: 76.5 | E219: 723.9 | F219: 86.921 | G219: 210.6 | H219: 92.923 | I219: =+(J219/K219+L219/M219) -> 11.702651 | J219: 725.9 | K219: =F219*(K$289/F$289) -> 79.143654 | L219: 229.55026 | M219: =H219*(M$289/H$289) -> 90.705469
A220: 34028 | B220: =(I220/(SUM($I$435:$I$446)/12))*100 -> 40.695541 | C220: 56.34808 | D220: =D219*(I220/I219) -> 79.421162 | E220: 766.3 | F220: 85.927 | G220: 192.6 | H220: 92.656 | I220: =+(J220/K220+L220/M220) -> 12.149518 | J220: 767.8 | K220: =F220*(K$289/F$289) -> 78.238593 | L220: 211.27431 | M220: =H220*(M$289/H$289) -> 90.44484
A221: 34059 | B221: =(I221/(SUM($I$435:$I$446)/12))*100 -> 41.767094 | C221: 58.10116 | D221: =D220*(I221/I220) -> 81.512398 | E221: 757.5 | F221: 86.158 | G221: 223.9 | H221: 92.771 | I221: =+(J221/K221+L221/M221) -> 12.469426 | J221: 764 | K221: =F221*(K$289/F$289) -> 78.448925 | L221: 247.27572 | M221: =H221*(M$289/H$289) -> 90.557096
A222: 34089 | B222: =(I222/(SUM($I$435:$I$446)/12))*100 -> 39.208016 | C222: 54.11872 | D222: =D221*(I222/I221) -> 76.518117 | E222: 748 | F222: 86.39 | G222: 178 | H222: 92.886 | I222: =+(J222/K222+L222/M222) -> 11.705422 | J222: 751.5 | K222: =F222*(K$289/F$289) -> 78.660166 | L222: 195.09019 | M222: =H222*(M$289/H$289) -> 90.669352
A223: 34120 | B223: =(I223/(SUM($I$435:$I$446)/12))*100 -> 39.58424 | C223: 54.90624 | D223: =D222*(I223/I222) -> 77.252353 | E223: 741.2 | F223: 86.622 | G223: 208.1 | H223: 93.001 | I223: =+(J223/K223+L223/M223) -> 11.817742 | J223: 733.7 | K223: =F223*(K$289/F$289) -> 78.871408 | L223: 228.3392 | M223: =H223*(M$289/H$289) -> 90.781607
A224: 34150 | B224: =(I224/(SUM($I$435:$I$446)/12))*100 -> 40.307775 | C224: 55.50111 | D224: =D223*(I224/I223) -> 78.664399 | E224: 754.4 | F224: 86.123 | G224: 193.1 | H224: 92.461 | I224: =+(J224/K224+L224/M224) -> 12.033751 | J224: 759.8 | K224: =F224*(K$289/F$289) -> 78.417056 | L224: 211.6046 | M224: =H224*(M$289/H$289) -> 90.254494
A225: 34181 | B225: =(I225/(SUM($I$435:$I$446)/12))*100 -> 38.335107 | C225: 53.52778 | D225: =D224*(I225/I224) -> 74.814554 | E225: 690.5 | F225: 85.626 | G225: 205.7 | H225: 91.924 | I225: =+(J225/K225+L225/M225) -> 11.444818 | J225: 693.7 | K225: =F225*(K$289/F$289) -> 77.964526 | L225: 228.55939 | M225: =H225*(M$289/H$289) -> 89.730309
A226: 34212 | B226: =(I226/(SUM($I$435:$I$446)/12))*100 -> 42.142719 | C226: 58.51621 | D226: =D225*(I226/I225) -> 82.245465 | E226: 761.6 | F226: 85.132 | G226: 237.5 | H226: 91.39 | I226: =+(J226/K226+L226/M226) -> 12.581568 | J226: 755.9 | K226: =F226*(K$289/F$289) -> 77.514727 | L226: 252.45023 | M226: =H226*(M$289/H$289) -> 89.209052
A227: 34242 | B227: =(I227/(SUM($I$435:$I$446)/12))*100 -> 42.861379 | C227: 59.3754 | D227: =D226*(I227/I226) -> 83.647998 | E227: 775.3 | F227: 84.993 | G227: 194.6 | H227: 91.914 | I227: =+(J227/K227+L227/M227) -> 12.796121 | J227: 793.6 | K227: =F227*(K$289/F$289) -> 77.388164 | L227: 228.00891 | M227: =H227*(M$289/H$289) -> 89.720548
A228: 34273 | B228: =(I228/(SUM($I$435:$I$446)/12))*100 -> 41.143111 | C228: 57.07406 | D228: =D227*(I228/I227) -> 80.294636 | E228: 765.4 | F228: 84.854 | G228: 221.4 | H228: 92.442 | I228: =+(J228/K228+L228/M228) -> 12.283138 | J228: 745.4 | K228: =F228*(K$289/F$289) -> 77.261601 | L228: 237.80746 | M228: =H228*(M$289/H$289) -> 90.235947
A229: 34303 | B229: =(I229/(SUM($I$435:$I$446)/12))*100 -> 43.19402 | C229: 59.94081 | D229: =D228*(I229/I228) -> 84.297177 | E229: 777.4 | F229: 84.716 | G229: 232.8 | H229: 92.973 | I229: =+(J229/K229+L229/M229) -> 12.89543 | J229: 777.7 | K229: =F229*(K$289/F$289) -> 77.135949 | L229: 255.31273 | M229: =H229*(M$289/H$289) -> 90.754275
A230: 34334 | B230: =(I230/(SUM($I$435:$I$446)/12))*100 -> 41.990242 | C230: 58.0969 | D230: =D229*(I230/I229) -> 81.947892 | E230: 747.1 | F230: 84.554 | G230: 233.1 | H230: 92.082 | I230: =+(J230/K230+L230/M230) -> 12.536046 | J230: 745.6 | K230: =F230*(K$289/F$289) -> 76.988444 | L230: 256.3036 | M230: =H230*(M$289/H$289) -> 89.884538
A231: 34365 | B231: =(I231/(SUM($I$435:$I$446)/12))*100 -> 47.203523 | C231: 65.76616 | D231: =D230*(I231/I230) -> 92.122097 | E231: 837.8 | F231: 84.393 | G231: 254 | H231: 91.199 | I231: =+(J231/K231+L231/M231) -> 14.092454 | J231: 843.6 | K231: =F231*(K$289/F$289) -> 76.84185 | L231: 277.22184 | M231: =H231*(M$289/H$289) -> 89.02261
... A277: 35764 | B277: =(I277/(SUM($I$435:$I$446)/12))*100 -> 59.210753 | C277: 81.86616 | D277: =D276*(I277/I276) -> 115.55533 | E277: 1109.9 | F277: 89.935 | G277: 324.9 | H277: 91.968 | I277: =+(J277/K277+L277/M277) -> 17.677172 | J277: 1106 | K277: =F277*(K$289/F$289) -> 81.887974 | L277: 374.43665 | M277: =H277*(M$289/H$289) -> 89.773259
A278: 35795 | B278: =(I278/(SUM($I$435:$I$446)/12))*100 -> 60.937006 | C278: 83.53047 | D278: =D277*(I278/I277) -> 118.92428 | E278: 1131.1 | F278: 89.726 | G278: 354.7 | H278: 90.684 | I278: =+(J278/K278+L278/M278) -> 18.192539 | J278: 1121.2 | K278: =F278*(K$289/F$289) -> 81.697674 | L278: 395.57509 | M278: =H278*(M$289/H$289) -> 88.5199 | U278: תשומות
A279: 35826 | B279: =(I279/(SUM($I$435:$I$446)/12))*100 -> 60.760769 | C279: 84.40264 | D279: =D278*(I279/I278) -> 118.58033 | E279: 1084.8 | F279: 89.519 | G279: 306.4 | H279: 89.418 | I279: =+(J279/K279+L279/M279) -> 18.139924 | J279: 1139.6 | K279: =F279*(K$289/F$289) -> 81.509196 | L279: 362.98667 | M279: =H279*(M$289/H$289) -> 87.284113
A280: 35854 | B280: =(I280/(SUM($I$435:$I$446)/12))*100 -> 56.924657 | C280: 78.61295 | D280: =D279*(I280/I279) -> 111.0938 | E280: 1039.5 | F280: 89.312 | G280: 294.8 | H280: 88.169 | I280: =+(J280/K280+L280/M280) -> 16.994666 | J280: 1066.4 | K280: =F280*(K$289/F$289) -> 81.320717 | L280: 334.0314 | M280: =H280*(M$289/H$289) -> 86.064919 | W280: =R280-S280 -> 0
A281: 35885 | B281: =(I281/(SUM($I$435:$I$446)/12))*100 -> 62.395509 | C281: 88.49393 | D281: =D280*(I281/I280) -> 121.77068 | E281: 1186.8 | F281: 88.976 | G281: 379.2 | H281: 88.209 | I281: =+(J281/K281+L281/M281) -> 18.62797 | J281: 1158.7 | K281: =F281*(K$289/F$289) -> 81.014781 | L281: 372.45493 | M281: =H281*(M$289/H$289) -> 86.103964 | W281: =R281-S281 -> 0
A282: 35915 | B282: =(I282/(SUM($I$435:$I$446)/12))*100 -> 58.898257 | C282: 81.21339 | D282: =D281*(I282/I281) -> 114.94547 | E282: 1067.7 | F282: 88.642 | G282: 342.3 | H282: 88.248 | I282: =+(J282/K282+L282/M282) -> 17.583877 | J282: 1056 | K282: =F282*(K$289/F$289) -> 80.710666 | L282: 387.64818 | M282: =H282*(M$289/H$289) -> 86.142034 | W282: =R282-S282 -> 0
A283: 35946 | B283: =(I283/(SUM($I$435:$I$446)/12))*100 -> 56.824773 | C283: 78.90706 | D283: =D282*(I283/I282) -> 110.89887 | E283: 1040.7 | F283: 88.309 | G283: 292.1 | H283: 88.288 | I283: =+(J283/K283+L283/M283) -> 16.964846 | J283: 1046.9 | K283: =F283*(K$289/F$289) -> 80.407462 | L283: 339.97659 | M283: =H283*(M$289/H$289) -> 86.181079 | W283: =R283-S283 -> 0
A284: 35976 | B284: =(I284/(SUM($I$435:$I$446)/12))*100 -> 59.701636 | C284: 83.86971 | D284: =D283*(I284/I283) -> 116.51334 | E284: 1130.5 | F284: 87.31 | G284: 320.7 | H284: 88.135 | I284: =+(J284/K284+L284/M284) -> 17.823724 | J284: 1085.7 | K284: =F284*(K$289/F$289) -> 79.497848 | L284: 358.47273 | M284: =H284*(M$289/H$289) -> 86.03173 | W284: =R284-S284 -> 0
A285: 36007 | B285: =(I285/(SUM($I$435:$I$446)/12))*100 -> 59.915393 | C285: 83.31477 | D285: =D284*(I285/I284) -> 116.9305 | E285: 1097.7 | F285: 86.322 | G285: 315.3 | H285: 87.982 | I285: =+(J285/K285+L285/M285) -> 17.88754 | J285: 1083.1 | K285: =F285*(K$289/F$289) -> 78.59825 | L285: 352.74773 | M285: =H285*(M$289/H$289) -> 85.882381 | W285: =R285-S285 -> 0
A286: 36038 | B286: =(I286/(SUM($I$435:$I$446)/12))*100 -> 60.077701 | C286: 82.85866 | D286: =D285*(I286/I285) -> 117.24726 | E286: 1044.1 | F286: 85.345 | G286: 357.9 | H286: 87.83 | I286: =+(J286/K286+L286/M286) -> 17.935996 | J286: 1052.4 | K286: =F286*(K$289/F$289) -> 77.708669 | L286: 376.63857 | M286: =H286*(M$289/H$289) -> 85.734009 | W286: =R286-S286 -> 0
A287: 36068 | B287: =(I287/(SUM($I$435:$I$446)/12))*100 -> 59.862479 | C287: 82.30678 | D287: =D286*(I287/I286) -> 116.82724 | E287: 1011 | F287: 85.345 | G287: 313.5 | H287: 87.83 | I287: =+(J287/K287+L287/M287) -> 17.871743 | J287: 1050.7 | K287: =F287*(K$289/F$289) -> 77.708669 | L287: 373.00541 | M287: =H287*(M$289/H$289) -> 85.734009 | W287: =R287-S287 -> 0
A288: 36099 | B288: =(I288/(SUM($I$435:$I$446)/12))*100 -> 59.60849 | C288: 81.35865 | D288: =D287*(I288/I287) -> 116.33155 | E288: 1007.3 | F288: 85.345 | G288: 326.7 | H288: 87.83 | I288: =+(J288/K288+L288/M288) -> 17.795915 | J288: 1048.4 | K288: =F288*(K$289/F$289) -> 77.708669 | L288: 369.04195 | M288: =H288*(M$289/H$289) -> 85.734009 | W288: =R288-S288 -> 0
A289: 36129 | B289: =(I289/(SUM($I$435:$I$446)/12))*100 -> 58.309369 | C289: 78.9315 | D289: =D288*(I289/I288) -> 113.7962 | E289: 1038 | F289: 85.345 | G289: 298.4 | H289: 87.83 | I289: =+(J289/K289+L289/M289) -> 17.408067 | J289: 1047.2 | K289: =QUARTERLY!B100 -> 77.708669 | L289: 337.11409 | M289: =QUARTERLY!C100 -> 85.734009 | W289: =R289-S289 -> 0
A290: 36160 | B290: =(I290/(SUM($I$435:$I$446)/12))*100 -> 58.581131 | C290: 79.35 | D290: =D289*(I290/I289) -> 114.32657 | E290: 1056.8 | G290: 316.2 | I290: =+(J290/K290+L290/M290) -> 17.489201 | J290: 1035.7 | K290: =K289*(K292/K289)^(1/3) -> 76.738977 | L290: 339.42611 | M290: =M289*(M292/M289)^(1/3) -> 85.00955 | W290: =R290-S290 -> 0
A291: 36191 | B291: =(I291/(SUM($I$435:$I$446)/12))*100 -> 59.087969 | C291: 81.50742 | D291: =D290*(I291/I290) -> 115.31571 | E291: 1018.8 | G291: 283.7 | I291: =+(J291/K291+L291/M291) -> 17.640515 | J291: 1037.9 | K291: =K290*(K292/K289)^(1/3) -> 75.781386 | L291: 332.49006 | M291: =M290*(M292/M289)^(1/3) -> 84.291213 | W291: =R291-S291 -> 0
A292: 36219 | B292: =(I292/(SUM($I$435:$I$446)/12))*100 -> 63.985741 | C292: 87.41829 | D292: =D291*(I292/I291) -> 124.87417 | E292: 1047.8 | G292: 354 | I292: =+(J292/K292+L292/M292) -> 19.102729 | J292: 1073.5 | K292: =QUARTERLY!B101 -> 74.835745 | L292: 397.66692 | M292: =QUARTERLY!C101 -> 83.578946 | W292: =R292-S292 -> 0
A293: 36250 | B293: =(I293/(SUM($I$435:$I$446)/12))*100 -> 61.288862 | C293: 83.01409 | D293: =D292*(I293/I292) -> 119.61096 | E293: 1029 | G293: 358.4 | I293: =+(J293/K293+L293/M293) -> 18.297585 | J293: 1032.6 | K293: =K292*(K295/K292)^(1/3) -> 74.20457 | L293: 363.20686 | M293: =M292*(M295/M292)^(1/3) -> 82.886097 | W293: =R293-S293 -> 0
A294: 36280 | B294: =(I294/(SUM($I$435:$I$446)/12))*100 -> 65.096665 | C294: 89.61681 | D294: =D293*(I294/I293) -> 127.04224 | E294: 1089.5 | G294: 314.5 | I294: =+(J294/K294+L294/M294) -> 19.434392 | J294: 1100.8 | K294: =K293*(K295/K292)^(1/3) -> 73.578718 | L294: 367.7208 | M294: =M293*(M295/M292)^(1/3) -> 82.198992 | W294: =R294-S294 -> 0
A295: 36311 | B295: =(I295/(SUM($I$435:$I$446)/12))*100 -> 60.793848 | C295: 82.80259 | D295: =D294*(I295/I294) -> 118.64489 | E295: 1058.7 | G295: 302.9 | I295: =+(J295/K295+L295/M295) -> 18.1498 | J295: 1019.7 | K295: =QUARTERLY!B102 -> 72.958146 | L295: 340.19678 | M295: =QUARTERLY!C102 -> 81.517582 | W295: =R295-S295 -> 0
A296: 36341 | B296: =(I296/(SUM($I$435:$I$446)/12))*100 -> 66.167619 | C296: 90.54051 | D296: =D295*(I296/I295) -> 129.13231 | E296: 1096 | G296: 322.3 | I296: =+(J296/K296+L296/M296) -> 19.754121 | J296: 1105.3 | K296: =K295*(K298/K295)^(1/3) -> 73.166174 | L296: 379.28088 | M296: =M295*(M298/M295)^(1/3) -> 81.611173 | W296: =R296-S296 -> 0
A297: 36372 | B297: =(I297/(SUM($I$435:$I$446)/12))*100 -> 66.850165 | C297: 90.95028 | D297: =D296*(I297/I296) -> 130.46436 | E297: 1064.1 | G297: 322.3 | I297: =+(J297/K297+L297/M297) -> 19.957893 | J297: 1123.3 | K297: =K296*(K298/K295)^(1/3) -> 73.374796 | L297: 379.83136 | M297: =M296*(M298/M295)^(1/3) -> 81.704871 | W297: =R297-S297 -> 0
A298: 36403 | B298: =(I298/(SUM($I$435:$I$446)/12))*100 -> 66.238139 | C298: 90.238 | D298: =D297*(I298/I297) -> 129.26994 | E298: 1109.8 | G298: 381.3 | I298: =+(J298/K298+L298/M298) -> 19.775175 | J298: 1108.3 | K298: =QUARTERLY!B103 -> 73.584012 | L298: 385.55635 | M298: =QUARTERLY!C103 -> 81.798677 | W298: =R298-S298 -> 0
A299: 36433 | B299: =(I299/(SUM($I$435:$I$446)/12))*100 -> 65.035328 | C299: 88.86268 | D299: =D298*(I299/I298) -> 126.92254 | E299: 1077.7 | G299: 315.5 | I299: =+(J299/K299+L299/M299) -> 19.416079 | J299: 1107.9 | K299: =K298*(K301/K298)^(1/3) -> 73.821669 | L299: 361.00494 | M299: =M298*(M301/M298)^(1/3) -> 81.892269 | W299: =R299-S299 -> 0
A300: 36464 | B300: =(I300/(SUM($I$435:$I$446)/12))*100 -> 62.931779 | C300: 85.39002 | D300: =D299*(I300/I299) -> 122.81726 | E300: 998.1 | G300: 288.4 | I300: =+(J300/K300+L300/M300) -> 18.788072 | J300: 1072.8 | K300: =K299*(K301/K298)^(1/3) -> 74.060093 | L300: 352.74773 | M300: =M299*(M301/M298)^(1/3) -> 81.985967 | W300: =R300-S300 -> 0
A301: 36494 | B301: =(I301/(SUM($I$435:$I$446)/12))*100 -> 70.875996 | C301: 96.59516 | D301: =D300*(I301/I300) -> 138.32115 | E301: 1183.2 | G301: 355.9 | I301: =+(J301/K301+L301/M301) -> 21.159791 | J301: 1208.1 | K301: =QUARTERLY!B104 -> 74.299288 | L301: 402.18086 | M301: =QUARTERLY!C104 -> 82.079772 | W301: =R301-S301 -> 0
A302: 36525 | B302: =(I302/(SUM($I$435:$I$446)/12))*100 -> 68.728118 | C302: 93.60423 | D302: =D301*(I302/I301) -> 134.12936 | E302: 1152.5 | G302: 343.3 | I302: =+(J302/K302+L302/M302) -> 20.51855 | J302: 1177.3 | K302: =K301*(K304/K301)^(1/3) -> 74.507327 | L302: 384.2352 | M302: =M301*(M304/M301)^(1/3) -> 81.450301 | W302: =R302-S302 -> 0
A303: 36556 | B303: =(I303/(SUM($I$435:$I$446)/12))*100 -> 61.850231 | C303: 84.49621 | D303: =D302*(I303/I302) -> 120.70652 | E303: 1055.3 | G303: 324.6 | I303: =+(J303/K303+L303/M303) -> 18.46518 | J303: 1050.1 | K303: =K302*(K304/K301)^(1/3) -> 74.715949 | L303: 356.491 | M303: =M302*(M304/M301)^(1/3) -> 80.825658 | W303: =R303-S303 -> 0
A304: 36585 | B304: =(I304/(SUM($I$435:$I$446)/12))*100 -> 67.022897 | C304: 91.42727 | D304: =D303*(I304/I303) -> 130.80146 | E304: 1155.8 | G304: 365.7 | I304: =+(J304/K304+L304/M304) -> 20.009462 | J304: 1141.2 | K304: =QUARTERLY!B105 -> 74.925154 | L304: 383.24434 | M304: =QUARTERLY!C105 -> 80.205805 | W304: =R304-S304 -> 0
A305: 36616 | B305: =(I305/(SUM($I$435:$I$446)/12))*100 -> 70.952973 | C305: 96.52472 | D305: =D304*(I305/I304) -> 138.47138 | E305: 1205.6 | G305: 404.3 | I305: =+(J305/K305+L305/M305) -> 21.182773 | J305: 1203.6 | K305: =K304*(K307/K304)^(1/3) -> 74.925154 | L305: 408.78662 | M305: =M304*(M307/M304)^(1/3) -> 79.860762 | W305: =R305-S305 -> 0
A306: 36646 | B306: =(I306/(SUM($I$435:$I$446)/12))*100 -> 70.482815 | C306: 96.14786 | D306: =D305*(I306/I305) -> 137.55382 | E306: 1161.9 | G306: 364.9 | I306: =+(J306/K306+L306/M306) -> 21.042409 | J306: 1190.7 | K306: =K305*(K307/K304)^(1/3) -> 74.925154 | L306: 409.55729 | M306: =M305*(M307/M304)^(1/3) -> 79.517203 | W306: =R306-S306 -> 0
A307: 36677 | B307: =(I307/(SUM($I$435:$I$446)/12))*100 -> 72.846313 | C307: 99.44629 | D307: =D306*(I307/I306) -> 142.16641 | E307: 1278.5 | G307: 379.5 | I307: =+(J307/K307+L307/M307) -> 21.748023 | J307: 1236.9 | K307: =QUARTERLY!B106 -> 74.925154 | L307: 414.8419 | M307: =QUARTERLY!C106 -> 79.175123 | W307: =R307-S307 -> 0
A308: 36707 | B308: =(I308/(SUM($I$435:$I$446)/12))*100 -> 71.327101 | C308: 97.34422 | D308: =D307*(I308/I307) -> 139.20152 | E308: 1172.8 | G308: 340.3 | I308: =+(J308/K308+L308/M308) -> 21.294467 | J308: 1216.6 | K308: =K307*(K310/K307)^(1/3) -> 74.865501 | L308: 397.77702 | M308: =M307*(M310/M307)^(1/3) -> 78.861555 | W308: =R308-S308 -> 0
A309: 36738 | B309: =(I309/(SUM($I$435:$I$446)/12))*100 -> 74.767981 | C309: 102.3237 | D309: =D308*(I309/I308) -> 145.91672 | E309: 1287.4 | G309: 377.6 | I309: =+(J309/K309+L309/M309) -> 22.32173 | J309: 1285 | K309: =K308*(K310/K307)^(1/3) -> 74.805894 | L309: 404.05249 | M309: =M308*(M310/M307)^(1/3) -> 78.549229 | W309: =R309-S309 -> 0
A310: 36769 | B310: =(I310/(SUM($I$435:$I$446)/12))*100 -> 73.659914 | C310: 100.8183 | D310: =D309*(I310/I309) -> 143.75422 | E310: 1250.7 | G310: 403.1 | I310: =+(J310/K310+L310/M310) -> 21.990921 | J310: 1251.2 | K310: =QUARTERLY!B107 -> 74.746335 | L310: 410.87845 | M310: =QUARTERLY!C107 -> 78.238139 | W310: =R310-S310 -> 0
A311: 36799 | B311: =(I311/(SUM($I$435:$I$446)/12))*100 -> 74.052601 | C311: 101.2279 | D311: =D310*(I311/I310) -> 144.52059 | E311: 1266.4 | G311: 376.6 | I311: =+(J311/K311+L311/M311) -> 22.108156 | J311: 1259.9 | K311: =K310*(K313/K310)^(1/3) -> 74.477139 | L311: 404.71307 | M311: =M310*(M313/M310)^(1/3) -> 77.956028 | W311: =R311-S311 -> 0
A312: 36830 | B312: =(I312/(SUM($I$435:$I$446)/12))*100 -> 79.1618 | C312: 109.0936 | D312: =D311*(I312/I311) -> 154.49167 | E312: 1329.2 | G312: 396.1 | I312: =+(J312/K312+L312/M312) -> 23.63349 | J312: 1337.5 | K312: =K311*(K313/K310)^(1/3) -> 74.208911 | L312: 435.76015 | M312: =M311*(M313/M310)^(1/3) -> 77.674934 | W312: =R312-S312 -> 0
A313: 36860 | B313: =(I313/(SUM($I$435:$I$446)/12))*100 -> 76.644955 | C313: 105.0053 | D313: =D312*(I313/I312) -> 149.57981 | E313: 1283.3 | G313: 392 | I313: =+(J313/K313+L313/M313) -> 22.882095 | J313: 1291.4 | K313: =QUARTERLY!B108 -> 73.94165 | L313: 419.24574 | M313: =QUARTERLY!C108 -> 77.394854 | W313: =R313-S313 -> 0
A314: 36891 | B314: =(I314/(SUM($I$435:$I$446)/12))*100 -> 73.69437 | C314: 101.4227 | D314: =D313*(I314/I313) -> 143.82147 | E314: 1199.6 | G314: 380.1 | I314: =+(J314/K314+L314/M314) -> 22.001208 | J314: 1235.1 | K314: =K313*(K316/K313)^(1/3) -> 74.415458 | L314: 419.57603 | M314: =M313*(M316/M313)^(1/3) -> 77.643914 | W314: =R314-S314 -> 0
A315: 36922 | B315: =(I315/(SUM($I$435:$I$446)/12))*100 -> 72.429532 | C315: 98.56308 | D315: =D314*(I315/I314) -> 141.35302 | E315: 1223.4 | G315: 415.5 | I315: =+(J315/K315+L315/M315) -> 21.623594 | J315: 1204.6 | K315: =K314*(K316/K313)^(1/3) -> 74.892302 | L315: 431.46641 | M315: =M314*(M316/M313)^(1/3) -> 77.893775 | W315: =R315-S315 -> 0
A316: 36950 | B316: =(I316/(SUM($I$435:$I$446)/12))*100 -> 75.474193 | C316: 103.1068 | D316: =D315*(I316/I315) -> 147.29496 | E316: 1201.6 | G316: 421.6 | I316: =+(J316/K316+L316/M316) -> 22.532568 | J316: 1250.1 | K316: =QUARTERLY!B109 -> 75.372202 | L316: 464.71541 | M316: =QUARTERLY!C109 -> 78.144441 | W316: =R316-S316 -> 0
A317: 36981 | B317: =(I317/(SUM($I$435:$I$446)/12))*100 -> 72.594715 | C317: 98.76148 | D317: =D316*(I317/I316) -> 141.67539 | E317: 1143.1 | G317: 426.4 | I317: =+(J317/K317+L317/M317) -> 21.672909 | J317: 1198 | K317: =K316*($K$319/$K$316)^(1/3) -> 75.012853 | L317: 442.91639 | M317: =M316*(M319/M316)^(1/3) -> 77.673112 | W317: =R317-S317 -> 0
A318: 37011 | B318: =(I318/(SUM($I$435:$I$446)/12))*100 -> 71.971907 | C318: 98.61605 | D318: =D317*(I318/I317) -> 140.45992 | I318: =+(J318/K318+L318/M318) -> 21.486972 | J318: 1198.5 | K318: =K317*($K$319/$K$316)^(1/3) -> 74.655218 | L318: 419.46594 | M318: =M317*(M319/M316)^(1/3) -> 77.204626 | W318: =R318-S318 -> 0
A319: 37042 | B319: =(I319/(SUM($I$435:$I$446)/12))*100 -> 71.671258 | C319: 98.13358 | D319: =D318*(I319/I318) -> 139.87318 | I319: =+(J319/K319+L319/M319) -> 21.397214 | J319: 1164.8 | K319: =QUARTERLY!B110 -> 74.299288 | L319: 438.95294 | M319: =QUARTERLY!C110 -> 76.738965 | W319: =R319-S319 -> 0
A320: 37072 | B320: =(I320/(SUM($I$435:$I$446)/12))*100 -> 63.100427 | C320: 85.95944 | D320: =D319*(I320/I319) -> 123.1464 | I320: =+(J320/K320+L320/M320) -> 18.838421 | J320: 1014.8 | K320: =K319*(K322/K319)^(1/3) -> 74.269473 | L320: 398.54769 | M320: =M319*(M322/M319)^(1/3) -> 77.019037 | W320: =R320-S320 -> 0
A321: 37103 | B321: =(I321/(SUM($I$435:$I$446)/12))*100 -> 65.694514 | C321: 89.67016 | D321: =D320*(I321/I320) -> 128.209 | I321: =+(J321/K321+L321/M321) -> 19.612877 | J321: 1049.6 | K321: =K320*(K322/K319)^(1/3) -> 74.23967 | L321: 423.2092 | M321: =M320*(M322/M319)^(1/3) -> 77.300131 | W321: =R321-S321 -> 0
A322: 37134 | B322: =(I322/(SUM($I$435:$I$446)/12))*100 -> 67.391217 | C322: 92.78788 | D322: =D321*(I322/I321) -> 131.52028 | I322: =+(J322/K322+L322/M322) -> 20.119422 | J322: 1089.3 | K322: =QUARTERLY!B111 -> 74.209878 | L322: 422.10824 | M322: =QUARTERLY!C111 -> 77.582251 | W322: =R322-S322 -> 0
A323: 37164 | B323: =(I323/(SUM($I$435:$I$446)/12))*100 -> 66.734509 | C323: 90.87029 | D323: =D322*(I323/I322) -> 130.23865 | I323: =+(J323/K323+L323/M323) -> 19.923364 | J323: 1062.6 | K323: =K322*(K325/K322)^(1/3) -> 73.72993 | L323: 427.06256 | M323: =M322*(M325/M322)^(1/3) -> 77.488439 | W323: =R323-S323 -> 0
A324: 37195 | B324: =(I324/(SUM($I$435:$I$446)/12))*100 -> 66.142658 | C324: 91.15156 | D324: =D323*(I324/I323) -> 129.08359 | I324: =+(J324/K324+L324/M324) -> 19.746669 | J324: 1054.8 | K324: =K323*(K325/K322)^(1/3) -> 73.253087 | L324: 413.85104 | M324: =M323*(M325/M322)^(1/3) -> 77.394741 | W324: =R324-S324 -> 0
A325: 37225 | B325: =(I325/(SUM($I$435:$I$446)/12))*100 -> 66.468658 | C325: 91.01593 | D325: =D324*(I325/I324) -> 129.71981 | I325: =+(J325/K325+L325/M325) -> 19.843995 | J325: 1057.7 | K325: =QUARTERLY!B112 -> 72.779327 | L325: 410.54816 | M325: =QUARTERLY!C112 -> 77.301155 | W325: =R325-S325 -> 0
A326: 37256 | B326: =(I326/(SUM($I$435:$I$446)/12))*100 -> 68.829636 | C326: 93.81261 | D326: =D325*(I326/I325) -> 134.32748 | I326: =+(J326/K326+L326/M326) -> 20.548858 | J326: 1078.2 | K326: =K325*(K328/K325)^(1/3) -> 72.359667 | L326: 433.77842 | M326: =M325*(M328/M325)^(1/3) -> 76.798165 | W326: =R326-S326 -> 0
A327: 37287 | B327: =(I327/(SUM($I$435:$I$446)/12))*100 -> 73.64377 | C327: 101.7191 | D327: =D326*(I327/I326) -> 143.72272 | I327: =+(J327/K327+L327/M327) -> 21.986101 | J327: 1142.2 | K327: =K326*(K328/K325)^(1/3) -> 71.942427 | L327: 466.14666 | M327: =M326*(M328/M325)^(1/3) -> 76.298448 | W327: =R327-S327 -> 0
A328: 37315 | B328: =(I328/(SUM($I$435:$I$446)/12))*100 -> 67.089351 | C328: 91.82185 | D328: =D327*(I328/I327) -> 130.93115 | I328: =+(J328/K328+L328/M328) -> 20.029301 | J328: 1035.9 | K328: =QUARTERLY!B113 -> 71.527594 | L328: 420.4568 | M328: =QUARTERLY!C113 -> 75.801982 | W328: =R328-S328 -> 0
A329: 37346 | B329: =(I329/(SUM($I$435:$I$446)/12))*100 -> 64.186527 | C329: 88.27734 | D329: =D328*(I329/I328) -> 125.26602 | I329: =+(J329/K329+L329/M329) -> 19.162673 | J329: 1016.1 | K329: =K328*(K331/K328)^(1/3) -> 71.883458 | L329: 383.57463 | M329: =M328*(M331/M328)^(1/3) -> 76.298448 | W329: =R329-S329 -> 0
A330: 37376 | B330: =(I330/(SUM($I$435:$I$446)/12))*100 -> 65.467535 | C330: 89.25177 | D330: =D329*(I330/I329) -> 127.76603 | I330: =+(J330/K330+L330/M330) -> 19.545113 | J330: 1006.2 | K330: =K329*(K331/K328)^(1/3) -> 72.241093 | L330: 431.35631 | M330: =M329*(M331/M328)^(1/3) -> 76.798165 | W330: =R330-S330 -> 0
A331: 37407 | B331: =(I331/(SUM($I$435:$I$446)/12))*100 -> 66.651269 | C331: 91.26319 | D331: =D330*(I331/I330) -> 130.0762 | I331: =+(J331/K331+L331/M331) -> 19.898513 | J331: 1090.7 | K331: =QUARTERLY!B114 -> 72.600508 | L331: 376.85877 | M331: =QUARTERLY!C114 -> 77.301155 | W331: =R331-S331 -> 0
A332: 37437 | B332: =(I332/(SUM($I$435:$I$446)/12))*100 -> 66.680796 | C332: 91.9872 | D332: =D331*(I332/I331) -> 130.13382 | I332: =+(J332/K332+L332/M332) -> 19.907329 | J332: 1090 | K332: =K331*(K334/K331)^(1/3) -> 72.985899 | L332: 387.64818 | M332: =M331*(M334/M331)^(1/3) -> 77.951556 | W332: =R332-S332 -> 0
A333: 37468 | B333: =(I333/(SUM($I$435:$I$446)/12))*100 -> 66.786755 | C333: 90.80912 | D333: =D332*(I333/I332) -> 130.34061 | I333: =+(J333/K333+L333/M333) -> 19.938962 | J333: 1091.8 | K333: =K332*(K334/K331)^(1/3) -> 73.373337 | L333: 397.66692 | M333: =M332*(M334/M331)^(1/3) -> 78.60743 | W333: =R333-S333 -> 0
A334: 37499 | B334: =(I334/(SUM($I$435:$I$446)/12))*100 -> 66.946903 | C334: 91.82287 | D334: =D333*(I334/I333) -> 130.65315 | I334: =+(J334/K334+L334/M334) -> 19.986774 | J334: 1111.1 | K334: =QUARTERLY!B115 -> 73.762831 | L334: 390.29048 | M334: =QUARTERLY!C115 -> 79.268821 | W334: =R334-S334 -> 0
A335: 37529 | B335: =(I335/(SUM($I$435:$I$446)/12))*100 -> 65.780313 | C335: 90.18467 | D335: =D334*(I335/I334) -> 128.37644 | I335: =+(J335/K335+L335/M335) -> 19.638492 | J335: 1090.7 | K335: =K334*(K337/K334)^(1/3) -> 74.00049 | L335: 386.9876 | M335: =M334*(M337/M334)^(1/3) -> 78.986723 | W335: =R335-S335 -> 0
A336: 37560 | B336: =(I336/(SUM($I$435:$I$446)/12))*100 -> 62.166127 | C336: 84.99652 | D336: =D335*(I336/I335) -> 121.32302 | I336: =+(J336/K336+L336/M336) -> 18.559489 | J336: 1039.5 | K336: =K335*(K337/K334)^(1/3) -> 74.238914 | L336: 358.69292 | M336: =M335*(M337/M334)^(1/3) -> 78.70563 | W336: =R336-S336 -> 0
A337: 37590 | B337: =(I337/(SUM($I$435:$I$446)/12))*100 -> 62.452351 | C337: 85.72614 | D337: =D336*(I337/I336) -> 121.88161 | I337: =+(J337/K337+L337/M337) -> 18.64494 | J337: 1034.2 | K337: =QUARTERLY!B116 -> 74.478107 | L337: 373.2256 | M337: =QUARTERLY!C116 -> 78.425536 | W337: =R337-S337 -> 0
A338: 37621 | B338: =(I338/(SUM($I$435:$I$446)/12))*100 -> 62.471151 | C338: 86.42736 | D338: =D337*(I338/I337) -> 121.9183 | I338: =+(J338/K338+L338/M338) -> 18.650553 | J338: 1038.2 | K338: =K337*(K340/K337)^(1/3) -> 75.215854 | L338: 382.58376 | M338: =M337*(M340/M337)^(1/3) -> 78.92211 | W338: =R338-S338 -> 0
A339: 37652 | B339: =(I339/(SUM($I$435:$I$446)/12))*100 -> 59.807394 | C339: 81.10766 | D339: =D338*(I339/I338) -> 116.71973 | I339: =+(J339/K339+L339/M339) -> 17.855297 | J339: 1044.2 | K339: =K338*(K340/K337)^(1/3) -> 75.960909 | L339: 326.32468 | M339: =M338*(M340/M337)^(1/3) -> 79.421828 | W339: =R339-S339 -> 0
A340: 37680 | B340: =(I340/(SUM($I$435:$I$446)/12))*100 -> 57.412887 | C340: 78.55673 | D340: =D339*(I340/I339) -> 112.04663 | I340: =+(J340/K340+L340/M340) -> 17.140425 | J340: 988.9 | K340: =QUARTERLY!B117 -> 76.713344 | L340: 339.6463 | M340: =QUARTERLY!C117 -> 79.92471 | W340: =R340-S340 -> 0
A341: 37711 | B341: =(I341/(SUM($I$435:$I$446)/12))*100 -> 59.874073 | C341: 82.71118 | D341: =D340*(I341/I340) -> 116.84986 | I341: =+(J341/K341+L341/M341) -> 17.875204 | J341: 1057.2 | K341: =K340*(K343/K340)^(1/3) -> 77.509152 | L341: 340.08669 | M341: =M340*(M343/M340)^(1/3) -> 80.293876 | W341: =R341-S341 -> 0
A342: 37741 | B342: =(I342/(SUM($I$435:$I$446)/12))*100 -> 61.711093 | C342: 84.04085 | D342: =D341*(I342/I341) -> 120.43498 | I342: =+(J342/K342+L342/M342) -> 18.42364 | J342: 1082.5 | K342: =K341*(K343/K340)^(1/3) -> 78.313216 | L342: 371.13377 | M342: =M341*(M343/M340)^(1/3) -> 80.664747 | W342: =R342-S342 -> 0
A343: 37772 | B343: =(I343/(SUM($I$435:$I$446)/12))*100 -> 57.093895 | C343: 78.45224 | D343: =D342*(I343/I342) -> 111.42408 | I343: =+(J343/K343+L343/M343) -> 17.045191 | J343: 1013.1 | K343: =QUARTERLY!B118 -> 79.125621 | L343: 343.71986 | M343: =QUARTERLY!C118 -> 81.037331 | W343: =R343-S343 -> 0
...

Sheet QUARTERLY
B1: Pimp_inp | C1: Pimp_con
A5: 27454.1
A6: 27546
A7: 27638
A8: 27729
A9: 27820
A10: 27912
A11: 28004
A12: 28095
A13: 28185
A14: 28277
A15: 28369
A16: 28460
... A95: 35674
A96: 35765 | L96: מקדם מחירים לשנת 2011=100 | Q96: מקדם מחירים לשנת 2011=100 | X96: מקדם מחירים לשנת 2005=100 | AB96: מקדם מחירים לשנת 2000=100
A97: 35855 | K97: 1.006381 | L97: 0.97006548 | P97: 0.8713355 | Q97: 0.88039867 | W97: 0.85046 | X97: 0.922124 | Z97: =100/83.41 -> 1.198897 | AA97: =100/84.05 -> 1.189768
A98: 35947 | L98: בסיס 2005=100 | Q98: בסיס 2005=100 | X98: בסיס 2000=100 | AB98: בסיס ישן
A99: 36008 | K99: חומרי גלם | L99: צריכה | P99: חומרי גלם | Q99: צריכה | W99: חומרי גלם | X99: צריכה | AA99: חומרי גלם | AB99: צריכה
A100: 36100 | B100: =K100*$K$97 -> 77.708669 | C100: =L100*$L$97 -> 85.734009 | K100: 77.215951 | L100: 88.37961 | P100: =W100*$W$97 -> 88.617932 | Q100: =X100*$X$97 -> 100.3859 | W100: 104.2 | X100: =AB100*$AA$97 -> 108.86377 | AA100: 86.9 | AB100: 91.5
A101: 36192 | B101: =K101*$K$97 -> 74.835745 | C101: =L101*$L$97 -> 83.578946 | K101: 74.361243 | L101: 86.158046 | P101: =W101*$W$97 -> 85.341688 | Q101: =X101*$X$97 -> 97.862535 | W101: =AA101*$Z$97 -> 100.34768 | X101: =AB101*$AA$97 -> 106.12731 | AA101: 83.7 | AB101: 89.2
A102: 36281 | B102: =K102*$K$97 -> 72.958146 | C102: =L102*$L$97 -> 81.517582 | K102: 72.495549 | L102: 84.033072 | P102: =W102*$W$97 -> 83.200499 | Q102: =X102*$X$97 -> 95.448885 | W102: =AA102*$Z$97 -> 97.829996 | X102: =AB102*$AA$97 -> 103.50982 | AA102: 81.6 | AB102: 87
A103: 36373 | B103: =K103*$K$97 -> 73.584012 | C103: =L103*$L$97 -> 81.798677 | K103: 73.117447 | L103: 84.322841 | P103: =W103*$W$97 -> 83.914229 | Q103: =X103*$X$97 -> 95.778019 | W103: =AA103*$Z$97 -> 98.669224 | X103: =AB103*$AA$97 -> 103.86675 | AA103: 82.3 | AB103: 87.3
A104: 36465 | B104: =K104*$K$97 -> 74.299288 | C104: =L104*$L$97 -> 82.079772 | K104: 73.828187 | L104: 84.61261 | P104: =W104*$W$97 -> 84.72992 | Q104: =X104*$X$97 -> 96.107153 | W104: =AA104*$Z$97 -> 99.628342 | X104: =AB104*$AA$97 -> 104.22368 | AA104: 83.1 | AB104: 87.6
A105: 36557 | B105: =K105*$K$97 -> 74.925154 | C105: =L105*$L$97 -> 80.205805 | K105: 74.450085 | L105: 82.680815 | P105: =W105*$W$97 -> 85.443649 | Q105: =X105*$X$97 -> 93.912926 | W105: =AA105*$Z$97 -> 100.46757 | X105: =AB105*$AA$97 -> 101.84414 | AA105: 83.8 | AB105: 85.6
A106: 36647 | B106: =K106*$K$97 -> 74.925154 | C106: =L106*$L$97 -> 79.175123 | K106: 74.450085 | L106: 81.618328 | P106: =W106*$W$97 -> 85.443649 | Q106: =X106*$X$97 -> 92.706101 | W106: =AA106*$Z$97 -> 100.46757 | X106: =AB106*$AA$97 -> 100.5354 | AA106: 83.8 | AB106: 84.5
A107: 36739 | B107: =K107*$K$97 -> 74.746335 | C107: =L107*$L$97 -> 78.238139 | K107: 74.2724 | L107: 80.652431 | P107: =W107*$W$97 -> 85.239727 | Q107: =X107*$X$97 -> 91.608988 | W107: =AA107*$Z$97 -> 100.22779 | X107: =AB107*$AA$97 -> 99.345628 | AA107: 83.6 | AB107: 83.5
A108: 36831 | B108: =K108*$K$97 -> 73.94165 | C108: =L108*$L$97 -> 77.394854 | K108: 73.472817 | L108: 79.783123 | P108: =W108*$W$97 -> 84.322074 | Q108: =X108*$X$97 -> 90.621585 | W108: =AA108*$Z$97 -> 99.148783 | X108: =AB108*$AA$97 -> 98.274836 | AA108: 82.7 | AB108: 82.6
A109: רבעון ראשון 2001 | B109: =K109*$K$97 -> 75.372202 | C109: =L109*$L$97 -> 78.144441 | K109: 74.894298 | L109: 80.555841 | P109: =W109*$W$97 -> 85.953456 | Q109: =X109*$X$97 -> 91.499276 | W109: =AA109*$Z$97 -> 101.06702 | X109: =AB109*$AA$97 -> 99.226651 | AA109: 84.3 | AB109: 83.4
A110: רבעון שני 2001 | B110: =K110*$K$97 -> 74.299288 | C110: =L110*$L$97 -> 76.738965 | K110: 73.828187 | L110: 79.106995 | P110: =W110*$W$97 -> 84.72992 | Q110: =X110*$X$97 -> 89.853606 | W110: =AA110*$Z$97 -> 99.628342 | X110: =AB110*$AA$97 -> 97.441999 | AA110: 83.1 | AB110: 81.9
A111: רבעון שלישי 2001 | B111: =K111*$K$97 -> 74.209878 | C111: =L111*$L$97 -> 77.582251 | K111: 73.739345 | L111: 79.976303 | P111: =W111*$W$97 -> 84.627958 | Q111: =X111*$X$97 -> 90.841008 | W111: =AA111*$Z$97 -> 99.508452 | X111: =AB111*$AA$97 -> 98.51279 | AA111: 83 | AB111: 82.8
A112: רבעון רביעי 2001 | B112: =K112*$K$97 -> 72.779327 | C112: =L112*$L$97 -> 77.301155 | K112: 72.317863 | L112: 79.686533 | P112: =W112*$W$97 -> 82.996576 | Q112: =X112*$X$97 -> 90.511874 | W112: =AA112*$Z$97 -> 97.590217 | X112: =AB112*$AA$97 -> 98.15586 | AA112: 81.4 | AB112: 82.5
A113: רבעון ראשון 2002 | B113: =K113*$K$97 -> 71.527594 | C113: =L113*$L$97 -> 75.801982 | K113: 71.074067 | L113: 78.141098 | P113: =W113*$W$97 -> 81.569116 | Q113: =X113*$X$97 -> 88.756492 | W113: =AA113*$Z$97 -> 95.911761 | X113: =AB113*$AA$97 -> 96.252231 | AA113: 80 | AB113: 80.9
A114: רבעון שני 2002 | B114: =K114*$K$97 -> 72.600508 | C114: =L114*$L$97 -> 77.301155 | K114: 72.140178 | L114: 79.686533 | P114: =W114*$W$97 -> 82.792653 | Q114: =X114*$X$97 -> 90.511874 | W114: =AA114*$Z$97 -> 97.350438 | X114: =AB114*$AA$97 -> 98.15586 | AA114: 81.2 | AB114: 82.5
A115: רבעון שלישי 2002 | B115: =K115*$K$97 -> 73.762831 | C115: =L115*$L$97 -> 79.268821 | K115: 73.295132 | L115: 81.714918 | P115: =W115*$W$97 -> 84.118151 | Q115: =X115*$X$97 -> 92.815812 | W115: =AA115*$Z$97 -> 98.909004 | X115: =AB115*$AA$97 -> 100.65437 | AA115: 82.5 | AB115: 84.6
A116: רבעון רביעי 2002 | B116: =K116*$K$97 -> 74.478107 | C116: =L116*$L$97 -> 78.425536 | K116: 74.005873 | L116: 80.84561 | P116: =W116*$W$97 -> 84.933842 | Q116: =X116*$X$97 -> 91.82841 | W116: =AA116*$Z$97 -> 99.868121 | X116: =AB116*$AA$97 -> 99.583581 | AA116: 83.3 | AB116: 83.7
A117: רבעון ראשון 2003 | B117: =K117*$K$97 -> 76.713344 | C117: =L117*$L$97 -> 79.92471 | K117: 76.226937 | L117: 82.391046 | P117: =W117*$W$97 -> 87.482877 | Q117: =X117*$X$97 -> 93.583792 | W117: =AA117*$Z$97 -> 102.86536 | X117: =AB117*$AA$97 -> 101.48721 | AA117: 85.8 | AB117: 85.3
A118: רבעון שני 2003 | B118: =K118*$K$97 -> 79.125621 | C118: =L118*$L$97 -> 81.037331 | K118: 78.623919 | L118: 83.538001 | P118: =W118*$W$97 -> 90.233806 | Q118: =X118*$X$97 -> 94.88656 | W118: 106.1 | X118: 102.9
A119: רבעון שלישי 2003 | B119: =K119*$K$97 -> 78.678162 | C119: =L119*$L$97 -> 80.722317 | K119: 78.179297 | L119: 83.213266 | P119: =W119*$W$97 -> 89.72353 | Q119: =X119*$X$97 -> 94.51771 | W119: 105.5 | X119: 102.5
A120: רבעון רביעי 2003 | B120: =K120*$K$97 -> 80.990033 | C120: =L120*$L$97 -> 83.793703 | K120: 80.476509 | L120: 86.37943 | P120: =W120*$W$97 -> 92.359956 | Q120: =X120*$X$97 -> 98.113994 | W120: 108.6 | X120: 106.4
A121: רבעון ראשון 2004 | B121: =K121*$K$97 -> 83.15275 | C121: =L121*$L$97 -> 84.975005 | K121: 82.625513 | L121: 87.597185 | P121: =W121*$W$97 -> 94.82629 | Q121: =X121*$X$97 -> 99.49718 | W121: 111.5 | X121: 107.9
A122: רבעון שני 2004 | B122: =K122*$K$97 -> 84.793432 | C122: =L122*$L$97 -> 83.636196 | K122: 84.255792 | L122: 86.217062 | P122: =W122*$W$97 -> 96.697302 | Q122: =X122*$X$97 -> 97.929569 | W122: 113.7 | X122: 106.2
A123: רבעון שלישי 2004 | B123: =K123*$K$97 -> 85.017161 | C123: =L123*$L$97 -> 84.344977 | K123: 84.478103 | L123: 86.947715 | P123: =W123*$W$97 -> 96.95244 | Q123: =X123*$X$97 -> 98.75948 | W123: 114 | X123: 107.1
A124: רבעון רביעי 2004 | B124: =K124*$K$97 -> 87.925643 | C124: =L124*$L$97 -> 86.156307 | K124: 87.368144 | L124: 88.81494 | P124: =W124*$W$97 -> 100.26923 | Q124: =X124*$X$97 -> 100.88037 | W124: 117.9 | X124: 109.4
A125: רבעון ראשון 2005 | B125: =K125*$K$97 -> 89.790055 | C125: =L125*$L$97 -> 86.943842 | K125: 89.220734 | L125: 89.626777 | P125: =W125*$W$97 -> 102.39538 | Q125: =X125*$X$97 -> 101.80249 | W125: 120.4 | X125: 110.4
A126: רבעון שני 2005 | B126: =K126*$K$97 -> 88.895137 | C126: =L126*$L$97 -> 85.76254 | K126: 88.33149 | L126: 88.409021 | P126: =W126*$W$97 -> 101.37483 | Q126: =X126*$X$97 -> 100.4193 | W126: 119.2 | X126: 108.9
A127: רבעון שלישי 2005 | B127: =K127*$K$97 -> 86.284961 | C127: =L127*$L$97 -> 85.290019 | K127: 85.737864 | L127: 87.921919 | P127: =W127*$W$97 -> 98.398222 | Q127: =X127*$X$97 -> 99.866029 | W127: 115.7 | X127: 108.3
A128: רבעון רביעי 2005 | B128: =K128*$K$97 -> 86.284961 | C128: =L128*$L$97 -> 84.266224 | K128: 85.737864 | L128: 86.866532 | P128: =W128*$W$97 -> 98.398222 | Q128: =X128*$X$97 -> 98.667268 | W128: 115.7 | X128: 107
A129: רבעון ראשון 2006 | B129: =K129*$K$97 -> 87.329032 | C129: =L129*$L$97 -> 85.211266 | K129: 86.775315 | L129: 87.840736 | P129: =W129*$W$97 -> 99.588866 | Q129: =X129*$X$97 -> 99.773817 | W129: 117.1 | X129: 108.2
... A133: רבעון ראשון 2007 | B133: =K133*$K$97 -> 95.084983 | C133: =L133*$L$97 -> 88.203898 | K133: 94.482089 | L133: 90.925715 | P133: =W133*$W$97 -> 108.43365 | Q133: =X133*$X$97 -> 103.27789 | W133: 127.5 | X133: 112
A134: רבעון שני 2007 | B134: =K134*$K$97 -> 97.247714 | C134: =L134*$L$97 -> 88.991422 | K134: 96.631107 | L134: 91.737542 | P134: 110.9 | Q134: 104.2 | U134: =V134/W134 -> 0.85046012 | V134: 110.9 | W134: 130.4 | X134: 113 | Y134: 104.2 | Z134: =Y134/X134 -> 0.92212389
A135: רבעון שלישי 2007 | B135: =K135*$K$97 -> 99.966091 | C135: =L135*$L$97 -> 89.503849 | K135: 99.332248 | L135: 92.265781 | P135: 114 | Q135: 104.8 | V135: 114 | W135: 134 | X135: 113.7 | Y135: 104.8
A136: רבעון רביעי 2007 | B136: =K136*$K$97 -> 103.47367 | C136: =L136*$L$97 -> 92.065982 | K136: 102.81759 | L136: 94.906977 | P136: 118 | Q136: 107.8 | V136: 118 | W136: 138.9 | X136: 117 | Y136: 107.8
A137: רבעון ראשון 2008 | B137: =K137*$K$97 -> 106.54281 | C137: =L137*$L$97 -> 95.652968 | K137: 105.86726 | L137: 98.604651 | P137: 121.5 | Q137: 112 | V137: 121.5 | W137: 143 | X137: 121.7 | Y137: 112
A138: רבעון שני 2008 | B138: =K138*$K$97 -> 111.80418 | C138: =L138*$L$97 -> 98.471315 | K138: 111.09528 | L138: 101.50997 | P138: 127.5 | Q138: 115.3 | V138: 127.5 | W138: 150 | X138: 125 | Y138: 115.3
A139: רבעון שלישי 2008 | B139: =K139*$K$97 -> 113.99642 | C139: =L139*$L$97 -> 98.983741 | K139: 113.27362 | L139: 102.03821 | P139: 130 | Q139: 115.9 | V139: 130 | W139: 153 | X139: 125.7 | Y139: 115.9
A140: רבעון רביעי 2008 | B140: =K140*$K$97 -> 105.92898 | C140: =L140*$L$97 -> 97.104844 | K140: 105.25733 | L140: 100.10133 | P140: 120.8 | Q140: 113.7 | V140: 120.8 | W140: 142 | X140: 123.3 | Y140: 113.7
A141: רבעון ראשון 2009 | B141: =K141*$K$97 -> 95.406234 | C141: =L141*$L$97 -> 93.517858 | K141: 94.801303 | L141: 96.403654 | P141: 108.8 | Q141: 109.5 | V141: 108.7 | W141: 127.9 | X141: 118.7 | Y141: 109.5
A142: רבעון שני 2009 | B142: =K142*$K$97 -> 93.827822 | C142: =L142*$L$97 -> 93.005431 | K142: 93.232899 | L142: 95.875415 | P142: 107 | Q142: 108.9 | V142: 107 | Y142: 108.9
A143: רבעון שלישי 2009 | B143: =K143*$K$97 -> 96.896956 | C143: =L143*$L$97 -> 94.371902 | K143: 96.282573 | L143: 97.284053 | P143: 110.5 | Q143: 110.5
A144: רבעון רביעי 2009 | B144: =K144*$K$97 -> 99.703022 | C144: =L144*$L$97 -> 95.567564 | K144: 99.070847 | L144: 98.516611 | P144: 113.7 | Q144: 111.9
A145: רבעון ראשון 2010 | B145: =K145*$K$97 -> 99.089195 | C145: =L145*$L$97 -> 95.823777 | K145: 98.460912 | L145: 98.780731 | P145: 113 | Q145: 112.2
A146: רבעון שני 2010 | B146: =K146*$K$97 -> 98.913816 | C146: =L146*$L$97 -> 94.969733 | K146: 98.286645 | L146: 97.900332 | P146: 112.8 | Q146: 111.2
A147: רבעון שלישי 2010 | B147: =K147*$K$97 -> 99.878401 | C147: =L147*$L$97 -> 96.677822 | K147: 99.245114 | L147: 99.66113 | P147: 113.9 | Q147: 113.2
A148: רבעון רביעי 2010 | B148: =K148*$K$97 -> 104.26288 | C148: =L148*$L$97 -> 100.26481 | K148: 103.60179 | L148: 103.3588 | P148: 118.9 | Q148: 117.4
A149: רבעון ראשון 2011 | B149: =K149*$K$97 -> 107.68277 | C149: =L149*$L$97 -> 102.82694 | K149: 107 | L149: 106 | N149: =O149/P149 -> 0.8713355 | O149: 107 | P149: 122.8 | Q149: 120.4 | R149: 106 | S149: =R149/Q149 -> 0.88039867
A150: רבעון שני 2011 | B150: =K150*$K$97 -> 112.01021 | C150: =L150*$L$97 -> 105.73714 | K150: 111.3 | L150: 109 | O150: 111.3 | P150: 127.7 | Q150: 123.8 | R150: 109
A151: רבעון שלישי 2011 | B151: =K151*$K$97 -> 111.50702 | C151: =L151*$L$97 -> 105.44612 | K151: 110.8 | L151: 108.7 | O151: 110.8 | P151: 127 | Q151: 123.4 | R151: 108.7
A152: רבעון רביעי 2011 | B152: =K152*$K$97 -> 109.0917 | C152: =L152*$L$97 -> 102.82694 | K152: 108.4 | L152: 106 | O152: 108.4 | P152: 124.4 | Q152: 120.3 | R152: 106
A153: רבעון ראשון 2012 | B153: =K153*$K$97 -> 106.1732 | C153: =L153*$L$97 -> 101.85688 | K153: 105.5 | L153: 105 | O153: 105.5 | P153: 121.2 | Q153: 119.3 | R153: 105
A154: רבעון שני 2012 | B154: =K154*$K$97 -> 106.57575 | C154: =L154*$L$97 -> 101.37184 | K154: 105.9 | L154: 104.5 | O154: 105.9 | P154: 121.5 | Q154: 118.8 | R154: 104.5
A155: רבעון שלישי 2012 | B155: =K155*$K$97 -> 105.06618 | C155: =L155*$L$97 -> 100.40178 | K155: 104.4 | L155: 103.5 | O155: 104.4 | P155: 119.8 | Q155: 117.5 | R155: 103.5
A156: רבעון רביעי 2012 | B156: =K156*$K$97 -> 106.57575 | C156: =L156*$L$97 -> 101.56586 | K156: 105.9 | L156: 104.7 | O156: 105.9 | P156: 121.5 | Q156: 118.8 | R156: 104.7
A157: רבעון ראשון 2013 | B157: =K157*$K$97 -> 107.17958 | C157: =L157*$L$97 -> 102.05089 | K157: 106.5 | L157: 105.2 | O157: 106.5 | R157: 105.2
A158: רבעון שני 2013 | B158: =K158*$K$97 -> 106.67639 | C158: =L158*$L$97 -> 101.85688 | K158: 106 | L158: 105
A159: רבעון שלישי 2013 | B159: =K159*$K$97 -> 105.67001 | C159: =L159*$L$97 -> 102.05089 | K159: 105 | L159: 105.2
A160: רבעון רביעי 2013 | B160: =K160*$K$97 -> 105.67001 | C160: =L160*$L$97 -> 103.79701 | K160: 105 | L160: 107
A161: רבעון ראשון 2014 | B161: =K161*$K$97 -> 106.1732 | C161: =L161*$L$97 -> 103.7 | K161: 105.5 | L161: 106.9
A162: רבעון שני 2014 | B162: =K162*$K$97 -> 106.37448 | C162: =L162*$L$97 -> 103.79701 | K162: 105.7 | L162: 107
A163: רבעון שלישי 2014 | B163: =K163*$K$97 -> 105.16682 | C163: =L163*$L$97 -> 103.11796 | K163: 104.5 | L163: 106.3
A164: רבעון רביעי 2014 | B164: =K164*$K$97 -> 102.04704 | C164: =L164*$L$97 -> 101.66286 | K164: 101.4 | L164: 104.8
A165: רבעון ראשון 2015 | B165: =K165*$K$97 -> 97.015132 | C165: =L165*$L$97 -> 97.685594 | K165: 96.4 | L165: 100.7
A166: רבעון שני 2015 | B166: =K166*$K$97 -> 95.103008 | C166: =L166*$L$97 -> 97.394574 | K166: 94.5 | L166: 100.4
A167: רבעון שלישי 2015 | B167: =K167*$K$97 -> 94.801094 | C167: =L167*$L$97 -> 97.200561 | K167: 94.2 | L167: 100.2
A168: רבעון רביעי 2015 | B168: =K168*$K$97 -> 92.285141 | C168: =L168*$L$97 -> 97.394574 | K168: 91.7 | L168: 100.4
A169: רבעון ראשון 2016 | B169: =K169*$K$97 -> 90.77557 | C169: =L169*$L$97 -> 96.424509 | K169: 90.2 | L169: 99.4
... A189: רבעון ראשון 2021 | B189: =K189*$K$97 -> 105.06618 | C189: =L189*$L$97 -> 101.85688 | K189: 104.4 | L189: 105
A190: רבעון שני 2021 | B190: 110.4 | C190: 103.7 | I190: =J190/K190 -> 1.006381 | J190: 110.4 | K190: 109.7 | L190: 106.9 | M190: 103.7 | N190: =M190/L190 -> 0.97006548
A191: רבעון שלישי 2021 | B191: 113.8 | C191: 104.2 | J191: 113.8 | K191: 113 | L191: 107.4 | M191: 104.2
A192: רבעון רביעי 2021 | B192: 116.4 | C192: 105 | J192: 116.4 | K192: 115.5 | L192: 108.2 | M192: 105
A193: רבעון ראשון 2022 | B193: 119.5 | C193: 106.2 | J193: 119.5 | K193: 118.7 | L193: 109.4 | M193: 106.2
A194: רבעון שני 2022 | B194: 123.3 | C194: 107.4 | J194: 123.3 | K194: 122.5 | L194: 110.5 | M194: 107.4
A195: רבעו שלישי 2022 | B195: 122 | C195: 107.5 | J195: 122 | K195: 121.3 | L195: 110.7 | M195: 107.5
A196: רבעון רביעי 2022 | B196: 119.3 | C196: 106.5 | J196: 119.3 | K196: 118.5 | L196: 109.7 | M196: 106.5
A197: רבעון ראשון 2023 | B197: 120.5 | C197: 107.8 | J197: 120.5 | M197: 107.8
A198: רבעון שני 2023 | B198: 119.2 | C198: 107.5 | J198: 119.2 | M198: 107.5
A199: רבעון שלישי 2023 | B199: 116.4 | C199: 106.8
A200: רבעון רביעי 2023 | B200: 115 | C200: 106.2
A201: רבעון ראשון 2024 | B201: 115.7 | C201: 106.2
L214: Table F. 1 - Price Indices of Consumer | W214: לוח ו. 1 - מדדי מחירים של יבוא
M215: Goods Imports, by Commodity Groups | V215: מוצרי צריכה, לפי קבוצות סחורות
...

Sheet IMPUT SA
A2: Table B 2. - Imports of Raw Materials, by Commodity Group | T2: לוח ב 2.- יבוא חומרי גלם, לפי קבוצת סחורות
A4: Million $ | T4: מיליוני דולרים
C5: יהלומים(1) | D5: חומרי אנרגיה(1) | E5: Raw materials excluding diamonds and fuels | Q5: חומרי גלם ללא יהלומים וחומרי אנרגיה | R5: סך כולל(1)
E6: אחר | F6: מתכות יקרות | G6: ברזל ופלדה | H6: מתכות אל | I6: גומי | J6: כימיקלים | K6: עץ ומוצריו | L6: בדים וחוטים | M6: מוצרי מזון | N6: לתעשיות | O6: לתעשיות | P6: לחקלאות | Q6: סך הכל
H7: ברזליות | I7: ופלסטיקה | M7: גולמיים | N7: מכונות | O7: נייר
N8: ואלקטרוניקה
N9: For machine
F10: Precious | G10: Iron and | H10: Non-ferrous | I10: Rubber and | K10: Wood and | L10: Fabrics | M10: Raw food | N10: and electronics | O10: For paper | P10: For | R10: Grand
C11: Diamonds(1) | D11: Fuels(1) | E11: Other | F11: metals | G11: steel | H11: metals | I11: plastics | J11: Chemicals | K11: its products | L11: and yarn | M11: products | N11: manufacturing | O11: manufacturing | P11: agriculture | Q11: Total | R11: total(1)
C12: Original data | R12: נתונים מקוריים
A13: 2022 | C13: 6290.9 | D13: 14461.5 | E13: 3888.6 | F13: 273 | G13: 4488.9 | H13: 1252.1 | I13: 3870.3 | J13: 7306.1 | K13: 943.3 | L13: 777.3 | M13: 4221.8 | N13: 16019.7 | O13: 1014.3 | P13: 1889.2 | Q13: 45944.6 | R13: 66697 | T13: 2022
A14: 2023 | C14: 4430.1 | D14: 10752.8 | E14: 3429.5 | F14: 262 | G14: 3646.3 | H14: 1040.5 | I14: 2884.8 | J14: 5847.4 | K14: 676.8 | L14: 651 | M14: 3839.3 | N14: 14689.8 | O14: 769.7 | P14: 1445.1 | Q14: 39182.2 | R14: 54365.1 | T14: 2023
A15: % change | C15: -29.579233 | D15: -25.645334 | E15: -11.806306 | F15: -4.029304 | G15: -18.770746 | H15: -16.899609 | I15: -25.463142 | J15: -19.965508 | K15: -28.251882 | L15: -16.248553 | M15: -9.0601165 | N15: -8.3016536 | O15: -24.115153 | P15: -23.507305 | Q15: -14.718596 | R15: -18.489437 | T15: % שינוי
A16: 2023 | B16: I - VII | C16: 3020.5 | D16: 6204.5 | E16: 2106.8 | F16: 157 | G16: 2248.1 | H16: 629 | I16: 1829.4 | J16: 3514.5 | K16: 444.6 | L16: 396 | M16: 2307.4 | N16: 8874.4 | O16: 474.7 | P16: 961.3 | Q16: 23943.2 | R16: 33168.2 | S16: I - VII | T16: 2023
A17: 2024 | B17: I - VII | C17: 2106.2 | D17: 5860.4 | E17: 1967.6 | F17: 197.5 | G17: 1858.7 | H17: 627.8 | I17: 1586.9 | J17: 3415.3 | K17: 327.4 | L17: 387.5 | M17: 2314.4 | N17: 8458.7 | O17: 466.8 | P17: 771.2 | Q17: 22379.6 | R17: 30346.2 | S17: I - VII | T17: 2024
A18: 2023 | B18: VII | C18: 440.6 | D18: 929.8 | E18: 306.9 | F18: 21.9 | G18: 333.1 | H18: 94.1 | I18: 239.7 | J18: 482.6 | K18: 57.3 | L18: 57.1 | M18: 291.3 | N18: 1379.9 | O18: 74.7 | P18: 157.2 | Q18: 3495.8 | R18: 4866.2 | S18: VII | T18: 2023
B19: VIII | C19: 303.9 | D19: 1124.2 | E19: 329.8 | F19: 22.8 | G19: 349 | H19: 96.9 | I19: 236.7 | J19: 446.7 | K19: 69.5 | L19: 57.5 | M19: 347.5 | N19: 1276.7 | O19: 67.3 | P19: 89.5 | Q19: 3389.9 | R19: 4818 | S19: VIII
B20: IX | C20: 341.5 | D20: 737.6 | E20: 265.1 | F20: 20.3 | G20: 278.4 | H20: 78.5 | I20: 199.7 | J20: 415.6 | K20: 38.8 | L20: 52.2 | M20: 308.8 | N20: 1125.3 | O20: 58.4 | P20: 96.1 | Q20: 2937.2 | R20: 4016.3 | S20: IX
B21: X | C21: 162.8 | D21: 1007.4 | E21: 268.5 | F21: 18.7 | G21: 294.1 | H21: 82 | I21: 221.2 | J21: 538.9 | K21: 56.9 | L21: 59.5 | M21: 291.1 | N21: 1145.3 | O21: 62.8 | P21: 117.1 | Q21: 3156.1 | R21: 4326.3 | S21: X
B22: XI | C22: 231.3 | D22: 878.8 | E22: 242 | F22: 22.4 | G22: 243.6 | H22: 80.8 | I22: 212.3 | J22: 473.8 | K22: 39.8 | L22: 45.8 | M22: 302.6 | N22: 1165.1 | O22: 50.9 | P22: 96.2 | Q22: 2975.3 | R22: 4085.4 | S22: XI
B23: XII | C23: 370.1 | D23: 800.3 | E23: 217.3 | F23: 20.8 | G23: 233.1 | H23: 73.3 | I23: 185.5 | J23: 457.9 | K23: 27.2 | L23: 40 | M23: 281.9 | N23: 1103 | O23: 55.6 | P23: 84.9 | Q23: 2780.5 | R23: 3950.9 | S23: XII
A24: 2024 | B24: I | C24: 351.9 | D24: 609.8 | E24: 223.7 | F24: 21.1 | G24: 219.1 | H24: 81.5 | I24: 203.2 | J24: 448.1 | K24: 26.5 | L24: 42.7 | M24: 274.8 | N24: 1223.6 | O24: 63.6 | P24: 127.7 | Q24: 2955.7 | R24: 3917.4 | S24: I | T24: 2024
B25: II | C25: 308 | D25: 1282.1 | E25: 387.4 | F25: 26.6 | G25: 279.6 | H25: 91.2 | I25: 220.5 | J25: 482 | K25: 30.3 | L25: 59.9 | M25: 317.4 | N25: 1162.8 | O25: 63.2 | P25: 102.5 | Q25: 3223.2 | R25: 4813.2 | S25: II
B26: III | C26: 399.9 | D26: 685.4 | E26: 288.3 | F26: 27.9 | G26: 287.3 | H26: 90.8 | I26: 245 | J26: 533.5 | K26: 43.4 | L26: 63.7 | M26: 345.7 | N26: 1284.4 | O26: 70.6 | P26: 87.3 | Q26: 3367.9 | R26: 4453.1 | S26: III
B27: IV | C27: 227.9 | D27: 1099.8 | E27: 216.9 | F27: 24.8 | G27: 177.1 | H27: 69.9 | I27: 202.5 | J27: 434 | K27: 51.5 | L27: 51.3 | M27: 361.1 | N27: 1054.5 | O27: 58.2 | P27: 105.8 | Q27: 2807.6 | R27: 4135.4 | S27: IV
B28: V | C28: 265.5 | D28: 576.7 | E28: 269.2 | F28: 35.4 | G28: 304.5 | H28: 90 | I28: 246.8 | J28: 531.4 | K28: 51.6 | L28: 59.7 | M28: 397.5 | N28: 1252.5 | O28: 68.2 | P28: 122.5 | Q28: 3429.2 | R28: 4271.4 | S28: V
B29: VI | C29: 284.4 | D29: 603.2 | E29: 272.2 | F29: 31.2 | G29: 219.7 | H29: 92.9 | I29: 199.2 | J29: 479.6 | K29: 58.9 | L29: 53 | M29: 289.2 | N29: 1135 | O29: 59 | P29: 125.5 | Q29: 3015.3 | R29: 3903 | S29: VI
B30: VII | C30: 268.6 | D30: 1003.4 | E30: 309.9 | F30: 30.5 | G30: 371.4 | H30: 111.5 | I30: 269.7 | J30: 506.7 | K30: 65.2 | L30: 57.2 | M30: 328.7 | N30: 1345.9 | O30: 84 | P30: 99.9 | Q30: 3580.7 | R30: 4852.7 | S30: VII
C31: Seasonally adjusted data (2) | R31: נתונים מנוכי עונתיות (2)
A32: 2023 | B32: VII | E32: 281.7 | F32: 19.8 | G32: 301.2 | H32: 87.2 | I32: 228.1 | J32: 464.3 | K32: 51.6 | L32: 54.9 | M32: 321.8 | N32: 1324.9 | O32: 64.1 | P32: 158.8 | Q32: 3358.5 | S32: VII | T32: 2023
B33: VIII | E33: 308.3 | F33: 22.4 | G33: 321.1 | H33: 91.7 | I33: 234.2 | J33: 459 | K33: 54.6 | L33: 52.8 | M33: 313.8 | N33: 1221.3 | O33: 61.4 | P33: 105.3 | Q33: 3246.1 | S33: VIII
B34: IX | E34: 285.4 | F34: 20.5 | G34: 306.5 | H34: 85.2 | I34: 223.6 | J34: 456.5 | K34: 47.4 | L34: 54.6 | M34: 305.8 | N34: 1231.1 | O34: 60 | P34: 95.1 | Q34: 3171.8 | S34: IX
B35: X | E35: 273.5 | F35: 19.5 | G35: 294.2 | H35: 82.4 | I35: 223.6 | J35: 518.7 | K35: 53.2 | L35: 56.8 | M35: 292.3 | N35: 1080.4 | O35: 61 | P35: 109.9 | Q35: 3065.3 | S35: X
B36: XI | E36: 243.8 | F36: 22.3 | G36: 230.8 | H36: 82 | I36: 228.9 | J36: 463.3 | K36: 44.4 | L36: 50.6 | M36: 314.7 | N36: 1184.5 | O36: 58.8 | P36: 99.6 | Q36: 3023.7 | S36: XI
B37: XII | E37: 236.3 | F37: 24 | G37: 254 | H37: 83.1 | I37: 206.2 | J37: 452.5 | K37: 33.2 | L37: 49.8 | M37: 318.7 | N37: 1143.1 | O37: 62.5 | P37: 85.2 | Q37: 2948.7 | S37: XII
A38: 2024 | B38: I | E38: 249.2 | F38: 25.9 | G38: 237.8 | H38: 84.7 | I38: 210.3 | J38: 448 | K38: 30.7 | L38: 44.7 | M38: 272.5 | N38: 1178.7 | O38: 63.4 | P38: 122.4 | Q38: 2968.2 | S38: I | T38: 2024
B39: II | E39: 327.6 | F39: 28 | G39: 250.7 | H39: 87.6 | I39: 218.5 | J39: 460 | K39: 35.8 | L39: 52.4 | M39: 328.9 | N39: 1172.9 | O39: 65.7 | P39: 111.7 | Q39: 3139.9 | S39: II
B40: III | E40: 274.3 | F40: 27.5 | G40: 295.4 | H40: 88.6 | I40: 228.9 | J40: 494.4 | K40: 43.4 | L40: 60.7 | M40: 347.9 | N40: 1237.1 | O40: 71.4 | P40: 101.7 | Q40: 3271.4 | S40: III
B41: IV | E41: 251.3 | F41: 28.1 | G41: 215.4 | H41: 78.3 | I41: 216.4 | J41: 486.3 | K41: 48.9 | L41: 54.6 | M41: 372.5 | N41: 1213.6 | O41: 60.7 | P41: 108 | Q41: 3134 | S41: IV
B42: V | E42: 276.4 | F42: 35.1 | G42: 307.1 | H42: 91.2 | I42: 228.6 | J42: 526 | K42: 49 | L42: 55.9 | M42: 364.8 | N42: 1249.9 | O42: 68.8 | P42: 102.6 | Q42: 3355.3 | S42: V
B43: VI | E43: 276.4 | F43: 28.4 | G43: 250.7 | H43: 93.9 | I43: 213.5 | J43: 502.6 | K43: 51.5 | L43: 55.5 | M43: 331.3 | N43: 1192 | O43: 60 | P43: 107.6 | Q43: 3163.4 | S43: VI
B44: VII | E44: 272.2 | F44: 26.4 | G44: 293.4 | H44: 96.2 | I44: 232.6 | J44: 473.7 | K44: 56 | L44: 51.4 | M44: 351.5 | N44: 1225.1 | O44: 68.4 | P44: 93.8 | Q44: 3240.8 | S44: VII
C45: Trend data | R45: נתוני מגמה
A46: 2023 | B46: VII | E46: 282.8 | F46: 21.1 | G46: 315.3 | H46: 86.6 | I46: 231.8 | J46: 465.7 | K46: 55.9 | L46: 53.5 | M46: 309.1 | N46: 1220.5 | O46: 61.8 | P46: 111.3 | Q46: 3215.2 | S46: VII | T46: 2023
B47: VIII | E47: 279.3 | F47: 21 | G47: 307.3 | H47: 85.9 | I47: 227.9 | J47: 464.2 | K47: 53 | L47: 53.2 | M47: 307.8 | N47: 1212 | O47: 61.3 | P47: 106.8 | Q47: 3179.8 | S47: VIII
B48: IX | E48: 274.2 | F48: 21.2 | G48: 297.1 | H48: 85 | I48: 224.6 | J48: 463.7 | K48: 49.9 | L48: 53 | M48: 308 | N48: 1203 | O48: 61 | P48: 103.6 | Q48: 3142 | S48: IX
B49: X | E49: 268 | F49: 21.8 | G49: 285.6 | H49: 84.3 | I49: 221.9 | J49: 463.8 | K49: 46.9 | L49: 52.7 | M49: 310.1 | N49: 1194 | O49: 61.1 | P49: 101.8 | Q49: 3109.9 | S49: X
B50: XI | E50: 261.9 | F50: 22.8 | G50: 274 | H50: 84 | I50: 219.9 | J50: 464.6 | K50: 44.4 | L50: 52.4 | M50: 314.4 | N50: 1187 | O50: 61.5 | P50: 101.7 | Q50: 3090.2 | S50: XI
B51: XII | E51: 257.5 | F51: 24 | G51: 263.7 | H51: 84.2 | I51: 218.6 | J51: 466.5 | K51: 42.6 | L51: 52.4 | M51: 320.7 | N51: 1183.9 | O51: 62.3 | P51: 102.6 | Q51: 3081.4 | S51: XII
A52: 2024 | B52: I | E52: 255.6 | F52: 25.4 | G52: 256.2 | H52: 85 | I52: 217.9 | J52: 469.9 | K52: 41.8 | L52: 52.5 | M52: 328.6 | N52: 1185.6 | O52: 63.3 | P52: 104 | Q52: 3078.3 | S52: I | T52: 2024
B53: II | E53: 256.5 | F53: 26.5 | G53: 252.1 | H53: 86.4 | I53: 218.1 | J53: 474.9 | K53: 42.1 | L53: 52.9 | M53: 336.9 | N53: 1191.7 | O53: 64.5 | P53: 105.3 | Q53: 3111.4 | S53: II
B54: III | E54: 259.5 | F54: 27.4 | G54: 251.6 | H54: 88.1 | I54: 219 | J54: 481 | K54: 43.5 | L54: 53.3 | M54: 344.2 | N54: 1200.4 | O54: 65.6 | P54: 106 | Q54: 3140 | S54: III
B55: IV | E55: 263.4 | F55: 27.9 | G55: 254.1 | H55: 89.9 | I55: 220.4 | J55: 486.9 | K55: 45.8 | L55: 53.8 | M55: 349.5 | N55: 1209.1 | O55: 66.7 | P55: 106.1 | Q55: 3171.7 | S55: IV
B56: V | E56: 267 | F56: 28 | G56: 258.9 | H56: 91.6 | I56: 222.4 | J56: 491.3 | K56: 48.7 | L56: 54 | M56: 352.3 | N56: 1215.9 | O56: 67.6 | P56: 105.7 | Q56: 3200.5 | S56: V
B57: VI | E57: 269.8 | F57: 27.7 | G57: 265.4 | H57: 93 | I57: 224.7 | J57: 493.6 | K57: 51.9 | L57: 54 | M57: 352.8 | N57: 1219.8 | O57: 68.5 | P57: 105.3 | Q57: 3219.6 | S57: VI
B58: VII | E58: 271.6 | F58: 27.3 | G58: 273.2 | H58: 94.1 | I58: 227.4 | J58: 493.9 | K58: 54.9 | L58: 53.8 | M58: 351.7 | N58: 1221.3 | O58: 69.2 | P58: 105.4 | Q58: 3235 | S58: VII
C59: Trend data - Percentage of change (3) | R59: נתוני מגמה - אחוז השינוי (3)
A60: 2023 | B60: VIII | E60: -1.2376238 | F60: -0.47393365 | G60: -2.5372661 | H60: -0.80831409 | I60: -1.6824849 | J60: -0.32209577 | K60: -5.1878354 | L60: -0.56074766 | M60: -0.42057587 | N60: -0.69643589 | O60: -0.80906149 | P60: -4.0431267 | Q60: -1.1010202 | S60: VIII | T60: 2023
B61: IX | E61: -1.8259936 | F61: 0.95238095 | G61: -3.319232 | H61: -1.0477299 | I61: -1.4480035 | J61: -0.10771219 | K61: -5.8490566 | L61: -0.37593985 | M61: 0.064977258 | N61: -0.74257426 | O61: -0.48939641 | P61: -2.9962547 | Q61: -1.188754 | S61: IX
B62: X | E62: -2.2611233 | F62: 2.8301887 | G62: -3.8707506 | H62: -0.82352941 | I62: -1.2021371 | J62: 0.021565667 | K62: -6.012024 | L62: -0.56603774 | M62: 0.68181818 | N62: -0.74812968 | O62: 0.16393443 | P62: -1.7374517 | Q62: -1.0216423 | S62: X
B63: XI | E63: -2.2761194 | F63: 4.587156 | G63: -4.0616246 | H63: -0.35587189 | I63: -0.90130689 | J63: 0.17248814 | K63: -5.3304904 | L63: -0.56925996 | M63: 1.3866495 | N63: -0.58626466 | O63: 0.65466448 | P63: -0.098231827 | Q63: -0.63346088 | S63: XI
B64: XII | E64: -1.6800305 | F64: 5.2631579 | G64: -3.7591241 | H64: 0.23809524 | I64: -0.59117781 | J64: 0.40895394 | K64: -4.0540541 | L64: 0 | M64: 2.0038168 | N64: -0.26116259 | O64: 1.300813 | P64: 0.88495575 | Q64: -0.28477121 | S64: XII
A65: 2024 | B65: I | E65: -0.73786408 | F65: 5.8333333 | G65: -2.8441411 | H65: 0.95011876 | I65: -0.32021958 | J65: 0.72883173 | K65: -1.8779343 | L65: 0.19083969 | M65: 2.4633614 | N65: 0.14359321 | O65: 1.6051364 | P65: 1.3645224 | Q65: -0.10060362 | S65: I | T65: 2024
B66: II | E66: 0.35211268 | F66: 4.3307087 | G66: -1.6003123 | H66: 1.6470588 | I66: 0.091785223 | J66: 1.0640562 | K66: 0.71770335 | L66: 0.76190476 | M66: 2.5258673 | N66: 0.51450742 | O66: 1.8957346 | P66: 1.25 | Q66: 1.0752688 | S66: II
B67: III | E67: 1.1695906 | F67: 3.3962264 | G67: -0.19833399 | H67: 1.9675926 | I67: 0.41265475 | J67: 1.2844809 | K67: 3.3254157 | L67: 0.75614367 | M67: 2.1668151 | N67: 0.73004951 | O67: 1.7054264 | P67: 0.66476733 | Q67: 0.91920036 | S67: III
B68: IV | E68: 1.5028902 | F68: 1.8248175 | G68: 0.9936407 | H68: 2.0431328 | I68: 0.63926941 | J68: 1.2266112 | K68: 5.2873563 | L68: 0.9380863 | M68: 1.5398024 | N68: 0.72475841 | O68: 1.6768293 | P68: 0.094339623 | Q68: 1.0095541 | S68: IV
B69: V | E69: 1.3667426 | F69: 0.35842294 | G69: 1.8890201 | H69: 1.89099 | I69: 0.90744102 | J69: 0.90367632 | K69: 6.3318777 | L69: 0.37174721 | M69: 0.80114449 | N69: 0.56240179 | O69: 1.3493253 | P69: -0.37700283 | Q69: 0.90803039 | S69: V
B70: VI | E70: 1.0486891 | F70: -1.0714286 | G70: 2.5106219 | H70: 1.5283843 | I70: 1.0341727 | J70: 0.46814574 | K70: 6.5708419 | L70: 0 | M70: 0.1419245 | N70: 0.32075006 | O70: 1.3313609 | P70: -0.37842952 | Q70: 0.59678175 | S70: VI
B71: VII | E71: 0.66716086 | F71: -1.4440433 | G71: 2.9389601 | H71: 1.1827957 | I71: 1.2016021 | J71: 0.060777958 | K71: 5.7803468 | L71: -0.37037037 | M71: -0.31179138 | N71: 0.12297098 | O71: 1.0218978 | P71: 0.094966762 | Q71: 0.47832029 | S71: VII
A72: (1) No seasonal effect was found in these series. | T72: (1) בסדרות אלה לא נמצאה השפעה עונתית.
A73: (2) Total raw materials less seasonal effect equals the sum of commodity group less returns - see table A 2. | T73: (2) סך כל חומרי הגלם מנוכה מהשפעות עונתיות, שווה לסכום קבוצת סחורות בניכוי החזרות - ראה לוח א 2.
A74: (3) Percentage of change on previous period. | T74: (3) השינוי באחוזים, כל תקופה לעומת קודמתה.

Sheet CONSUMPTION SA
A4: Table B 1. - Imports of Consumer Goods, by Commodity Group | M4: לוח ב 1. - יבוא מוצרי צריכה, לפי קבוצת סחורות
A6: Million $ | M6: מיליוני דולרים
A7: מוצרים בני קיימה | E7: מוצרים לצריכה שוטפת | K7: סך כולל
A8: Durable goods | E8: Non-durable goods
A9: אחר | B9: כלי תחבורה | C9: ריהוט ומוצרי | D9: סך הכל | E9: אחר | F9: כלי בית | G9: הלבשה | H9: מזון | I9: תרופות | J9: סך הכל
C10: חשמל ביתיים | G10: והנעלה | H10: ומשקאות
C11: Furniture
C12: and | F12: House- | G12: Clothing | H12: Food
B13: Transport | C13: electrical | F13: hold | G13: and | H13: and | K13: Grand
A14: Other | B14: equipment | C14: equipment | D14: Total | E14: Other | F14: utensils | G14: footwear | H14: beverages | I14: Medicines | J14: Total | K14: total
A15: Original data | K15: נתונים מקוריים
A16: 658.2 | B16: 3768 | C16: 5523.1 | D16: 9949.3 | E16: 4441.9 | F16: 1590.8 | G16: 3501.3 | H16: 4125.8 | I16: 1754.6 | J16: 15414.4 | K16: 25363.7 | M16: 2022
A17: 596.5 | B17: 3417.6 | C17: 4501.9 | D17: 8516 | E17: 4039.9 | F17: 1349.2 | G17: 2879.6 | H17: 3950.7 | I17: 1753.3 | J17: 13972.7 | K17: 22488.7 | M17: 2023
A18: -9.3740504 | B18: -9.2993631 | C18: -18.489616 | D18: -14.406039 | E18: -9.0501812 | F18: -15.187327 | G18: -17.756262 | H18: -4.2440254 | I18: -0.074090961 | J18: -9.3529427 | K18: -11.335097 | L18: change | M18: % שינוי
A19: 372.6 | B19: 1945.8 | C19: 2807.1 | D19: 5125.5 | E19: 2519.7 | F19: 846.8 | G19: 1798.1 | H19: 2389 | I19: 1029.5 | J19: 8583.1 | K19: 13708.6 | L19: I - VII | M19: 2023
A20: 428.7 | B20: 1432.2 | C20: 3086.6 | D20: 4947.3 | E20: 2659.6 | F20: 817.8 | G20: 1734 | H20: 2484 | I20: 1105.2 | J20: 8800.9 | K20: 13748.3 | L20: I - VII | M20: 2024
A21: 59.9 | B21: 322.4 | C21: 390.9 | D21: 773.2 | E21: 368.7 | F21: 123.7 | G21: 264.7 | H21: 312.4 | I21: 131.6 | J21: 1201.1 | K21: 1974.3 | L21: VII | M21: 2023
A22: 54.6 | B22: 217.8 | C22: 374.1 | D22: 646.5 | E22: 359.1 | F22: 132.9 | G22: 299.6 | H22: 333.7 | I22: 123.7 | J22: 1249 | K22: 1895.5 | L22: VIII
A23: 47.5 | B23: 168 | C23: 296.1 | D23: 511.6 | E23: 311.4 | F23: 104.1 | G23: 300.7 | H23: 307.8 | I23: 115.7 | J23: 1139.7 | K23: 1651.3 | L23: IX
A24: 30.2 | B24: 202.7 | C24: 354.3 | D24: 587.2 | E24: 267.3 | F24: 104 | G24: 191.4 | H24: 334.6 | I24: 173 | J24: 1070.3 | K24: 1657.5 | L24: X
A25: 43.7 | B25: 128 | C25: 347.4 | D25: 519.1 | E25: 272.9 | F25: 89.3 | G25: 148.9 | H25: 290.4 | I25: 159.7 | J25: 961.2 | K25: 1480.3 | L25: XI
A26: 47.9 | B26: 755.3 | C26: 322.9 | D26: 1126.1 | E26: 309.5 | F26: 72.1 | G26: 140.9 | H26: 295.2 | I26: 151.7 | J26: 969.4 | K26: 2095.5 | L26: XII
A27: 56.2 | B27: 151.3 | C27: 430.4 | D27: 637.8 | E27: 354.9 | F27: 90.3 | G27: 202.5 | H27: 315.3 | I27: 142.6 | J27: 1105.7 | K27: 1743.5 | L27: I | M27: 2024
A28: 77.9 | B28: 172.8 | C28: 442.6 | D28: 693.3 | E28: 360.5 | F28: 125.2 | G28: 281.1 | H28: 344.1 | I28: 153.7 | J28: 1264.6 | K28: 1957.9 | L28: II
A29: 68.4 | B29: 205.9 | C29: 471.6 | D29: 745.9 | E29: 414.3 | F29: 148.8 | G29: 358.7 | H29: 397.4 | I29: 184 | J29: 1503.1 | K29: 2249.1 | L29: III
A30: 47.1 | B30: 131.9 | C30: 387.5 | D30: 566.5 | E30: 336.3 | F30: 91 | G30: 214.4 | H30: 353.9 | I30: 121.5 | J30: 1117.1 | K30: 1683.6 | L30: IV
A31: 52.1 | B31: 245 | C31: 464.5 | D31: 761.6 | E31: 386.4 | F31: 108.6 | G31: 203.8 | H31: 396.6 | I31: 169 | J31: 1264.6 | K31: 2026.2 | L31: V
A32: 62.9 | B32: 226.1 | C32: 400 | D32: 688.9 | E32: 378.7 | F32: 112.3 | G32: 199.1 | H32: 317.6 | I32: 161.7 | J32: 1169.5 | K32: 1858.4 | L32: VI
A33: 64.1 | B33: 299.2 | C33: 490 | D33: 853.3 | E33: 428.5 | F33: 141.6 | G33: 274.4 | H33: 359.1 | I33: 172.7 | J33: 1376.3 | K33: 2229.6 | L33: VII
A34: Seasonally adjusted data | K34: נתונים מנוכי עונתיות
A35: 51.7 | B35: 314 | C35: 365.1 | D35: 730.8 | E35: 349 | F35: 111.3 | G35: 253.8 | H35: 328.9 | I35: 132.9 | J35: 1176 | K35: 1906.8 | L35: VII | M35: 2023
A36: 57.5 | B36: 271.9 | C36: 378.4 | D36: 707.8 | E36: 355.5 | F36: 110.3 | G36: 239.5 | H36: 323.6 | I36: 131.1 | J36: 1159.9 | K36: 1867.7 | L36: VIII
A37: 49.2 | B37: 239.8 | C37: 354.4 | D37: 643.4 | E37: 341.6 | F37: 111.1 | G37: 248.2 | H37: 326.8 | I37: 139.1 | J37: 1166.8 | K37: 1810.2 | L37: IX
A38: 33.2 | B38: 242.8 | C38: 375.1 | D38: 651 | E38: 284.1 | F38: 103.9 | G38: 168.6 | H38: 320.8 | I38: 154.9 | J38: 1032.2 | K38: 1683.2 | L38: X
A39: 42.8 | B39: 196.7 | C39: 380.4 | D39: 620 | E39: 282.5 | F39: 99.6 | G39: 178.7 | H39: 310.7 | I39: 170.9 | J39: 1042.5 | K39: 1662.4 | L39: XI
A40: 51.7 | B40: 299.3 | C40: 339.2 | D40: 690.1 | E40: 304.2 | F40: 83.1 | G40: 192.2 | H40: 312.4 | I40: 142.4 | J40: 1034.3 | K40: 1724.4 | L40: XII
A41: 63.2 | B41: 190.3 | C41: 391.7 | D41: 645.2 | E41: 342.9 | F41: 94.7 | G41: 216.3 | H41: 316.4 | I41: 140.5 | J41: 1110.9 | K41: 1756 | L41: I | M41: 2024
A42: 72 | B42: 207.5 | C42: 415.1 | D42: 694.6 | E42: 349.6 | F42: 109.1 | G42: 240.3 | H42: 330.8 | I42: 148.5 | J42: 1178.3 | K42: 1872.8 | L42: II
A43: 62.2 | B43: 230.7 | C43: 444.2 | D43: 737.1 | E43: 406.3 | F43: 132.4 | G43: 307.2 | H43: 353.4 | I43: 169.3 | J43: 1368.7 | K43: 2105.8 | L43: III
A44: 52.4 | B44: 185.4 | C44: 388.3 | D44: 626.1 | E44: 363.8 | F44: 106.4 | G44: 235.2 | H44: 348.5 | I44: 146.8 | J44: 1200.7 | K44: 1826.8 | L44: IV
A45: 57.4 | B45: 264.7 | C45: 461.7 | D45: 783.8 | E45: 378.8 | F45: 117.7 | G45: 262.5 | H45: 387.9 | I45: 166 | J45: 1312.8 | K45: 2096.6 | L45: V
A46: 57.4 | B46: 228.1 | C46: 417.7 | D46: 703.2 | E46: 392.2 | F46: 118.8 | G46: 250.2 | H46: 360.5 | I46: 175.6 | J46: 1297.2 | K46: 2000.4 | L46: VI
A47: 60 | B47: 296.3 | C47: 464.9 | D47: 821.2 | E47: 382.9 | F47: 118.9 | G47: 245.1 | H47: 357.6 | I47: 165.1 | J47: 1269.6 | K47: 2090.8 | L47: VII
A48: Trend data | K48: נתוני מגמה
A49: 51.3 | B49: 279.2 | C49: 365.8 | D49: 709.5 | E49: 347.3 | F49: 113 | G49: 236.2 | H49: 321.1 | I49: 140.5 | J49: 1159.4 | K49: 1851.2 | L49: VII | M49: 2023
A50: 51.1 | B50: 263.2 | C50: 366.7 | D50: 689.6 | E50: 342 | F50: 110.1 | G50: 226.7 | H50: 318.9 | I50: 141.2 | J50: 1142.6 | K50: 1812.1 | L50: VIII
A51: 51.3 | B51: 245.8 | C51: 369.5 | D51: 668.8 | E51: 336.2 | F51: 107.5 | G51: 217.7 | H51: 317.6 | I51: 142.7 | J51: 1126.4 | K51: 1775.4 | L51: IX
A52: 52 | B52: 229 | C52: 374.4 | D52: 651.3 | E52: 331.6 | F52: 105.4 | G52: 210.9 | H52: 317.4 | I52: 144.8 | J52: 1114.3 | K52: 1747.6 | L52: X
A53: 53.1 | B53: 214.9 | C53: 381.6 | D53: 641.4 | E53: 329.7 | F53: 104.3 | G53: 208 | H53: 318.4 | I53: 147.1 | J53: 1110.2 | K53: 1735.9 | L53: XI
A54: 54.5 | B54: 205.5 | C54: 391.1 | D54: 641.7 | E54: 331.5 | F54: 104.1 | G54: 209.7 | H54: 321.3 | I54: 149.5 | J54: 1116.7 | K54: 1745 | L54: XII
A55: 55.8 | B55: 202.2 | C55: 402.3 | D55: 652.2 | E55: 337 | F55: 105 | G55: 215.2 | H55: 326.1 | I55: 152 | J55: 1134.3 | K55: 1775.5 | L55: I | M55: 2024
A56: 56.9 | B56: 205.1 | C56: 414.3 | D56: 670.8 | E56: 345.6 | F56: 106.8 | G56: 223.2 | H56: 332.6 | I56: 154.7 | J56: 1160.7 | K56: 1822.7 | L56: II
A57: 57.5 | B57: 212.8 | C57: 425.7 | D57: 693.9 | E57: 355.6 | F57: 109.2 | G57: 231.8 | H57: 340 | I57: 157.7 | J57: 1191.3 | K57: 1879.2 | L57: III
A58: 57.8 | B58: 224.1 | C58: 435.4 | D58: 717.9 | E58: 365.3 | F58: 111.8 | G58: 239.7 | H58: 346.9 | I58: 160.7 | J58: 1220.7 | K58: 1936.6 | L58: IV
A59: 57.9 | B59: 237.8 | C59: 442.6 | D59: 740.3 | E59: 373.4 | F59: 114.3 | G59: 246.2 | H59: 352.5 | I59: 163.5 | J59: 1244.8 | K59: 1987.9 | L59: V
A60: 58.1 | B60: 252.2 | C60: 447.2 | D60: 759.1 | E60: 379.2 | F60: 116.5 | G60: 251.3 | H60: 356.1 | I60: 165.4 | J60: 1261.7 | K60: 2028.1 | L60: VI
A61: 58.3 | B61: 265.5 | C61: 449.6 | D61: 773.9 | E61: 383 | F61: 118.5 | G61: 255.6 | H61: 358 | I61: 166.1 | J61: 1271.9 | K61: 2056.5 | L61: VII
A62: Trend data - Percentage of change (1) | K62: נתוני מגמה - אחוז השינוי (1)
A63: -0.38986355 | B63: -5.730659 | C63: 0.24603609 | D63: -2.8047921 | E63: -1.5260582 | F63: -2.5663717 | G63: -4.0220152 | H63: -0.68514481 | I63: 0.49822064 | J63: -1.4490254 | K63: -2.1121435 | L63: VIII | M63: 2023
A64: 0.39138943 | B64: -6.6109422 | C64: 0.76356695 | D64: -3.0162413 | E64: -1.6959064 | F64: -2.3614896 | G64: -3.9700044 | H64: -0.4076513 | I64: 1.0623229 | J64: -1.417819 | K64: -2.0252745 | L64: IX
A65: 1.3645224 | B65: -6.8348251 | C65: 1.3261164 | D65: -2.6166268 | E65: -1.3682332 | F65: -1.9534884 | G65: -3.1235645 | H65: -0.062972292 | I65: 1.4716188 | J65: -1.0742188 | K65: -1.5658443 | L65: X
A66: 2.1153846 | B66: -6.1572052 | C66: 1.9230769 | D66: -1.5200368 | E66: -0.57297949 | F66: -1.0436433 | G66: -1.3750593 | H66: 0.31505986 | I66: 1.5883978 | J66: -0.367944 | K66: -0.66948959 | L66: XI
A67: 2.6365348 | B67: -4.3741275 | C67: 2.4895178 | D67: 0.046772685 | E67: 0.54595086 | F67: -0.19175455 | G67: 0.81730769 | H67: 0.91080402 | I67: 1.6315432 | J67: 0.58548009 | K67: 0.52422375 | L67: XII
A68: 2.3853211 | B68: -1.6058394 | C68: 2.8637177 | D68: 1.6362786 | E68: 1.6591252 | F68: 0.86455331 | G68: 2.6227945 | H68: 1.4939309 | I68: 1.6722408 | J68: 1.5760724 | K68: 1.747851 | L68: I | M68: 2024
A69: 1.9713262 | B69: 1.4342235 | C69: 2.9828486 | D69: 2.8518859 | E69: 2.5519288 | F69: 1.7142857 | G69: 3.7174721 | H69: 1.9932536 | I69: 1.7763158 | J69: 2.3274266 | K69: 2.6584061 | L69: II
A70: 1.0544815 | B70: 3.7542662 | C70: 2.7516293 | D70: 3.4436494 | E70: 2.8935185 | F70: 2.247191 | G70: 3.8530466 | H70: 2.2248948 | I70: 1.9392372 | J70: 2.6363401 | K70: 3.099797 | L70: III
A71: 0.52173913 | B71: 5.3101504 | C71: 2.2786 | D71: 3.4587116 | E71: 2.727784 | F71: 2.3809524 | G71: 3.4081104 | H71: 2.0294118 | I71: 1.9023462 | J71: 2.4678922 | K71: 3.0544913 | L71: IV
A72: 0.17301038 | B72: 6.1133423 | C72: 1.6536518 | D72: 3.1202117 | E72: 2.2173556 | F72: 2.236136 | G72: 2.711723 | H72: 1.6142981 | I72: 1.7423771 | J72: 1.9742771 | K72: 2.6489724 | L72: V
A73: 0.34542314 | B73: 6.0555088 | C73: 1.0393131 | D73: 2.539511 | E73: 1.5532941 | F73: 1.9247594 | G73: 2.0714866 | H73: 1.0212766 | I73: 1.1620795 | J73: 1.3576478 | K73: 2.0222345 | L73: VI
A74: 0.34423408 | B74: 5.2735924 | C74: 0.53667263 | D74: 1.9496772 | E74: 1.0021097 | F74: 1.7167382 | G74: 1.7111023 | H74: 0.53355799 | I74: 0.42321644 | J74: 0.80843307 | K74: 1.4003254 | L74: VII
A75: (1) Percentage of change on previous period. | M75: (1) השינוי באחוזים, כל תקופה לעומת קודמתה.
